Workbook

Sheet ORÇAMENTO
B1: PLANO INTEGRADO DE URBANIZAÇÃO E REGULARIZAÇÃO FUNDIÁRIA IPÊ AMARELO, VILA ESPERANÇA E VILA ESTALEIRO ANEXO 1.1 – PLANILHA ORÇAMENTÁRIA: IPÊ AMARELO
A2: FASE | B2: PRODUTO | C2: QUANTIDADE | D2: UNIDADE | E2: CUSTO UNITÁRIO | F2: CUSTO TOTAL | G2: MÊS DE DESEMBOLSO | H2: PERCENTUAL DO CONTRATO
A3: ETAPA 01 – PLANEJAMENTO DA URBANIZAÇÃO E REGULARIZAÇÃO FUNDIÁRIA
A4: LEVANTAMENTO SITUACIONAL E PESQUISA DOMINIAL | B4: Relatório de Levantamento Situacional | C4: 1 | D4: unidade | E4: =F4 -> 12607.89 | F4: ='MEMÓRIA DE CÁLCULO'!S4 -> 12607.89 | G4: 1 | H4: =F4/$F$32 -> 0.016609796
B5: Plano de Mobilização, Organização e Capacitação Social | C5: 1 | D5: unidade | E5: =F5 -> 4334.94 | F5: ='MEMÓRIA DE CÁLCULO'!S11 -> 4334.94 | G5: 1 | H5: =F5/$F$32 -> 0.0057109055
B6: Relatório de Pesquisa Dominial e Cartorária | C6: 1 | D6: unidade | E6: =F6 -> 8699.32 | F6: ='MEMÓRIA DE CÁLCULO'!S13 -> 8699.32 | G6: 2 | H6: =F6/$F$32 -> 0.011460596
A7: ATUALIZAÇÃO DA BASE CARTOGRÁFICA | B7: Levantamento Planialtimétrico Cadastral | C7: ='MEMÓRIA DE CÁLCULO'!D17 -> 100879 | D7: m² | E7: ='MEMÓRIA DE CÁLCULO'!L17 -> 2.84 | F7: =ROUND('MEMÓRIA DE CÁLCULO'!M17,2) -> 286496.36 | G7: 4 | H7: =F7/$F$32 -> 0.37743398
B8: Base Cartográfica Atualizada | C8: 1 | D8: unidade | E8: =F8 -> 61530.2 | F8: ='MEMÓRIA DE CÁLCULO'!S19 -> 61530.2 | G8: 4 | H8: =F8/$F$32 -> 0.081060674
A9: SELAGEM E CADASTRO SOCIOECONÔMICO E FUNDIÁRIO | B9: Relatório da fase de Selagem e Cadastro Socioeconômico e Fundiário, incluindo como anexo o arquivo digital do Banco de Dados Preliminar e os prontuários separados por selo | C9: 1 | D9: unidade | E9: =F9 -> 73249.28 | F9: ='MEMÓRIA DE CÁLCULO'!S22 -> 73249.28 | G9: 6 | H9: =F9/$F$32 -> 0.096499541
A10: DIAGNÓSTICOS | B10: Diagnóstico Setorial Jurídico | C10: 1 | D10: unidade | E10: =F10 -> 5691.08 | F10: ='MEMÓRIA DE CÁLCULO'!S28 -> 5691.08 | G10: 9 | H10: =F10/$F$32 -> 0.0074975018
B11: Diagnóstico Setorial dos Aspectos Físico-Urbano-Ambientais | C11: 1 | D11: unidade | E11: =F11 -> 25525.32 | F11: ='MEMÓRIA DE CÁLCULO'!S30 -> 25525.32 | G11: 9 | H11: =F11/$F$32 -> 0.033627384
B12: Diagnóstico Setorial dos Aspectos Socioeconômico Organizativos | C12: 1 | D12: unidade | E12: =F12 -> 4129.63 | F12: ='MEMÓRIA DE CÁLCULO'!S33 -> 4129.63 | G12: 9 | H12: =F12/$F$32 -> 0.0054404275
B13: Diagnóstico Integrado | C13: 1 | D13: unidade | E13: =F13 -> 11044.06 | F13: ='MEMÓRIA DE CÁLCULO'!S35 -> 11044.06 | G13: 10 | H13: =F13/$F$32 -> 0.014549586
A14: PROPOSTAS DE SOLUÇÃO DAS DESCONFORMIDADES | B14: Relatório de Cenário de Intervenção Integrada | C14: 1 | D14: unidade | E14: =F14 -> 8852.38 | F14: ='MEMÓRIA DE CÁLCULO'!S41 -> 8852.38 | G14: 12 | H14: =F14/$F$32 -> 0.011662239
B15: Propostas de Intervenção Físico-Urbano-Ambientais | C15: 1 | D15: unidade | E15: =F15 -> 22981.83 | F15: ='MEMÓRIA DE CÁLCULO'!S45 -> 22981.83 | G15: 13 | H15: =F15/$F$32 -> 0.030276557
B16: Propostas de Intervenção Socioeconômico-Organizativas | C16: 1 | D16: unidade | E16: =F16 -> 4145.95 | F16: ='MEMÓRIA DE CÁLCULO'!S50 -> 4145.95 | G16: 13 | H16: =F16/$F$32 -> 0.0054619277
B17: Propostas de Intervenção Jurídico-Legais | C17: 1 | D17: unidade | E17: =F17 -> 8132.06 | F17: ='MEMÓRIA DE CÁLCULO'!S52 -> 8132.06 | G17: 13 | H17: =F17/$F$32 -> 0.01071328
B18: Estimativas de Custos de Urbanização | C18: 1 | D18: unidade | E18: =F18 -> 6364.93 | F18: ='MEMÓRIA DE CÁLCULO'!S55 -> 6364.93 | G18: 14 | H18: =F18/$F$32 -> 0.0083852404
B19: Hierarquização de Ações e Obras | C19: 1 | D19: unidade | E19: =F19 -> 7613.82 | F19: ='MEMÓRIA DE CÁLCULO'!S56 -> 7613.82 | G19: 14 | H19: =F19/$F$32 -> 0.010030544
A20: ETAPA 02 – PROJETO DE REGULARIZAÇÃO FUNDIÁRIA SUSTENTÁVEL
A21: REGULARIZAÇÃO FUNDIÁRIA URBANA REURB | B21: Relatório elucidativo dos procedimentos técnicos e administrativos referentes à Demarcação Urbanística | C21: 1 | D21: unidade | E21: =F21 -> 15878.02 | F21: ='MEMÓRIA DE CÁLCULO'!S61 -> 15878.02 | G21: 17 | H21: =F21/$F$32 -> 0.020917907
B22: Projeto de Parcelamento preliminar | C22: 1 | D22: unidade | E22: =F22 -> 12037.31 | F22: ='MEMÓRIA DE CÁLCULO'!S69 -> 12037.31 | G22: 18 | H22: =F22/$F$32 -> 0.015858107
B23: Listagem preliminar das unidades e beneficiários | C23: 1 | D23: unidade | E23: =F23 -> 3257.47 | F23: ='MEMÓRIA DE CÁLCULO'!S71 -> 3257.47 | G23: 18 | H23: =F23/$F$32 -> 0.0042914327
B24: Relatório demonstrativo do Plantão de Conferência Documental e Parcelamento | C24: 1 | D24: unidade | E24: =F24 -> 76211.15 | F24: ='MEMÓRIA DE CÁLCULO'!S72 -> 76211.15 | G24: 20 | H24: =F24/$F$32 -> 0.10040155
B25: Projeto de Regularização Fundiária | C25: 1 | D25: unidade | E25: =F25 -> 15128.33 | F25: ='MEMÓRIA DE CÁLCULO'!S75 -> 15128.33 | G25: 20 | H25: =F25/$F$32 -> 0.019930256
B26: Relatório demonstrativo do Plantão Pré-Titulação | C26: 1 | D26: unidade | E26: =F26 -> 57938.97 | F26: ='MEMÓRIA DE CÁLCULO'!S77 -> 57938.97 | G26: 21 | H26: =F26/$F$32 -> 0.076329542
B27: Banco de Dados Consolidado | C27: 1 | D27: unidade | E27: =F27 -> 2367.19 | F27: ='MEMÓRIA DE CÁLCULO'!S80 -> 2367.19 | G27: 22 | H27: =F27/$F$32 -> 0.0031185665
A28: TITULAÇÃO | B28: Registro da CRF no Cartório de Registro de Imóveis | C28: 1 | D28: unidade | E28: =F28 -> 5329.16 | F28: ='MEMÓRIA DE CÁLCULO'!S82 -> 5329.16 | G28: 22 | H28: =F28/$F$32 -> 0.0070207037
B29: Certidões de registro dos títulos individualizados | C29: 1 | D29: unidade | E29: =F29 -> 7026.26 | F29: ='MEMÓRIA DE CÁLCULO'!S84 -> 7026.26 | G29: 23 | H29: =F29/$F$32 -> 0.009256485
B30: Documentos finais sistematizados | C30: 1 | D30: unidade | E30: =F30 -> 4418.95 | F30: ='MEMÓRIA DE CÁLCULO'!S88 -> 4418.95 | G30: 24 | H30: =F30/$F$32 -> 0.0058215814
B31: Relatório síntese do resultado das assembleias de entrega de títulos | C31: 1 | D31: unidade | E31: =F31 -> 8071.65 | F31: ='MEMÓRIA DE CÁLCULO'!S90 -> 8071.65 | G31: 24 | H31: =F31/$F$32 -> 0.010633695
A32: TOTAL | F32: =SUM(F4:F19,F21:F31) -> 759063.51 | H32: 1

Sheet CRONOGRAMA FISICO FINANC
A1: PLANO INTEGRADO DE URBANIZAÇÃO E REGULARIZAÇÃO FUNDIÁRIA IPÊ AMARELO, VILA ESPERANÇA E VILA ESTALEIRO ANEXO 1.2 – CRONOGRAMA FÍSICO-FINANCEIRO: IPÊ AMARELO
A2: FASE | B2: ATIVIDADE | C2: PRODUTO | D2: 1 | E2: 2 | F2: 3 | G2: 4 | H2: 5 | I2: 6 | J2: 7 | K2: 8 | L2: 9 | M2: 10 | N2: 11 | O2: 12 | P2: 13 | Q2: 14 | R2: 15 | S2: 16 | T2: 17 | U2: 18 | V2: 19 | W2: 20 | X2: 21 | Y2: 22 | Z2: 23 | AA2: 24
A3: ETAPA 01 – PLANEJAMENTO DA URBANIZAÇÃO E REGULARIZAÇÃO FUNDIÁRIA
A4: LEVANTAMENTO SITUACIONAL E PESQUISA DOMINIAL | B4: Vistoria técnica multidisciplinar | C4: Relatório de Levantamento Situacional | D4: ='MEMÓRIA DE CÁLCULO'!S4 -> 12607.89
B6: Sistematização das informações
B8: Trabalho Técnico Social
B9: Plano de Mobilização, Organização e Capacitação Social | C9: Plano de Mobilização, Organização e Capacitação Social | D9: ='MEMÓRIA DE CÁLCULO'!S11 -> 4334.94
B10: Trabalho Técnico Social
B11: Pesquisa Cartorária | C11: Relatório de Pesquisa Dominial e Cartorária | E11: ='MEMÓRIA DE CÁLCULO'!S13 -> 8699.32
B12: Quadro dominial
B14: =SUM(D4,D9,E11) -> 25642.15
A15: ATUALIZAÇÃO DA BASE CARTOGRÁFICA | B15: Levantamento Planialtimétrico Cadastral | C15: Levantamento Planialtimétrico Cadastral | G15: ='MEMÓRIA DE CÁLCULO'!S17 -> 286496.36
B16: Atualização da Base | C16: Base Cartográfica Atualizada | G16: ='MEMÓRIA DE CÁLCULO'!S19 -> 61530.2
B17: Trabalho Técnico Social
B18: =SUM(G15,G16) -> 348026.56
A19: SELAGEM E CADASTRO SOCIOECONÔMICO E FUNDIÁRIO | B19: Contagem de Domicílio e Selagem | C19: Relatório da fase de Selagem e Cadastro Socioeconômico e Fundiário, incluindo como anexo o arquivo digital do Banco de Dados Preliminar e os prontuários separados por selo | I19: ='MEMÓRIA DE CÁLCULO'!S22 -> 73249.28
B20: Aplicação de Cadastro
B21: Montagem de Banco de Dados
B22: Trabalho Técnico Social
B23: =SUM(I19) -> 73249.28
A24: DIAGNÓSTICO | B24: Jurídico | C24: Diagnóstico Setorial Jurídico | L24: ='MEMÓRIA DE CÁLCULO'!S28 -> 5691.08
B25: Trabalho Técnico Social
B26: Físico-Urbano-Ambiental | C26: Diagnóstico Setorial dos Aspectos Físico-Urbano-Ambientais | L26: ='MEMÓRIA DE CÁLCULO'!S30 -> 25525.32
B27: Trabalho Técnico Social
B28: Socioeconômico-Organizativo | C28: Diagnóstico Setorial dos Aspectos Socioeconômico Organizativos | L28: ='MEMÓRIA DE CÁLCULO'!S33 -> 4129.63
B29: Trabalho Técnico Social
B30: Integrado | C30: Diagnóstico Integrado | M30: ='MEMÓRIA DE CÁLCULO'!S35 -> 11044.06
B31: Trabalho Técnico Social
B32: =SUM(L24,L26,L28,M30) -> 46390.09
A33: PROPOSTAS DE SOLUÇÃO DAS DESCONFORMIDADES | B33: Estudo de Cenário de Intervenção Integrada | C33: Relatório de Cenário de Intervenção Integrada | O33: ='MEMÓRIA DE CÁLCULO'!S41 -> 8852.38
B34: Trabalho Técnico Social
B35: Propostas de Intervenção Físico-Urbano-Ambiental | C35: Propostas de Intervenção Físico-Urbano-Ambiental | P35: ='MEMÓRIA DE CÁLCULO'!S45 -> 22981.83
B36: Plano de Intervenção Integrada
B37: Trabalho Técnico Social
B38: Propostas de Interevenção Socioeconômica-Organizativa | C38: Propostas de Interevenção Socioeconômica-Organizativa | P38: ='MEMÓRIA DE CÁLCULO'!S50 -> 4145.95
B39: Trabalho Técnico Social
B40: Propostas de Intervenção Jurídico-Legais | C40: Propostas de Intervenção Jurídico-Legais | P40: ='MEMÓRIA DE CÁLCULO'!S52 -> 8132.06
B41: Plano de Regularização Fundiária
B42: Trabalho Técnico Social
B43: Estimativa de custos de Urbanização | C43: Estimativa de custos de Urbanização | Q43: ='MEMÓRIA DE CÁLCULO'!S55 -> 6364.93
B44: Hierarquização de Ações e Obras | C44: Hierarquização de Ações e Obras | Q44: ='MEMÓRIA DE CÁLCULO'!S56 -> 7613.82
B45: Trabalho Técnico Social
B46: =SUM(O33,P35,P38,P40,Q43,Q44) -> 58090.97
A47: ETAPA 02 – PROJETO DE REGULARIZAÇÃO FUNDIÁRIA SUSTENTÁVEL
A48: REGULARIZAÇÃO FUNDIÁRIA URBANA REURB | B48: Auto de Demarcação Urbanística | C48: Relatório elucidativo dos procedimentos técnicos e administrativos referentes à Demarcação Urbanística | T48: ='MEMÓRIA DE CÁLCULO'!S61 -> 15878.02
B49: Notificações dos titulares de domínio e confrontantes
B50: Lavratura dos autos e averbação
B51: Trabalho Técnico Social
B52: Elaboração do projeto de parcelamento preliminar e memorial descritivo da área a ser regularizada | C52: Projeto de Parcelamento preliminar | U52: ='MEMÓRIA DE CÁLCULO'!S69 -> 12037.31
B53: Elaboração da listagem preliminar das unidades e beneficiários | C53: Listagem preliminar das unidades e beneficiários | U53: ='MEMÓRIA DE CÁLCULO'!S71 -> 3257.47
B54: Plantão de Conferência Documental e Parcelamento | C54: Relatório demonstrativo do Plantão de Conferência Documental e Parcelamento | W54: ='MEMÓRIA DE CÁLCULO'!S72 -> 76211.15
B55: Consolidação do Projeto de Regularização Fundiária - PRF | C55: Projeto de Regularização Fundiária | W55: ='MEMÓRIA DE CÁLCULO'!S75 -> 15128.33
B56: Trabalho Técnico Social
B57: Plantão Pré-Titulação | C57: Relatório demonstrativo do Plantão Pré-Titulação | X57: ='MEMÓRIA DE CÁLCULO'!S77 -> 57938.97
B58: Consolidação do Banco de Dados | C58: Banco de Dados Consolidado | Y58: ='MEMÓRIA DE CÁLCULO'!S80 -> 2367.19
B59: =SUM(T48,U52:Y58) -> 182818.44
A60: TITULAÇÃO | B60: Elaboração da CRF e protocolo no cartório de registro de imóveis | C60: Registro da CRF no Cartório de Registro de Imóveis | Y60: ='MEMÓRIA DE CÁLCULO'!S82 -> 5329.16
B61: Trabalho Técnico Social
B62: Resolução das pendências cartorárias | C62: Certidões de registro dos títulos individualizados | Z62: ='MEMÓRIA DE CÁLCULO'!S84 -> 7026.26
B63: Trabalho Técnico Social
B64: Atualização do Banco de Dados | C64: Documentos finais sistematizados | AA64: ='MEMÓRIA DE CÁLCULO'!S88 -> 4418.95
B65: Consolidação dos dossiês individuais por domicílio
B66: Assembleia de Encerramento e Titulação | C66: Relatório síntese do resultado das assembleias de entrega de títulos | AA66: ='MEMÓRIA DE CÁLCULO'!S90 -> 8071.65
B67: =SUM(Y60:AA66) -> 24846.02
A68: GERAL – COMUM ÀS ETAPAS 01 E 02
A69: POSTO DE APOIO NO LOCAL | B69: Atendimento por Técnico Social | C69: Medição bimestral separada dos produtos | E69: =('MEMÓRIA DE CÁLCULO'!$S$96+'MEMÓRIA DE CÁLCULO'!$S$97)/12 -> 0 | G69: =('MEMÓRIA DE CÁLCULO'!$S$96+'MEMÓRIA DE CÁLCULO'!$S$97)/12 -> 0 | I69: =('MEMÓRIA DE CÁLCULO'!$S$96+'MEMÓRIA DE CÁLCULO'!$S$97)/12 -> 0 | K69: =('MEMÓRIA DE CÁLCULO'!$S$96+'MEMÓRIA DE CÁLCULO'!$S$97)/12 -> 0 | M69: =('MEMÓRIA DE CÁLCULO'!$S$96+'MEMÓRIA DE CÁLCULO'!$S$97)/12 -> 0 | O69: =('MEMÓRIA DE CÁLCULO'!$S$96+'MEMÓRIA DE CÁLCULO'!$S$97)/12 -> 0 | Q69: =('MEMÓRIA DE CÁLCULO'!$S$96+'MEMÓRIA DE CÁLCULO'!$S$97)/12 -> 0 | S69: =('MEMÓRIA DE CÁLCULO'!$S$96+'MEMÓRIA DE CÁLCULO'!$S$97)/12 -> 0 | U69: =('MEMÓRIA DE CÁLCULO'!$S$96+'MEMÓRIA DE CÁLCULO'!$S$97)/12 -> 0 | W69: =('MEMÓRIA DE CÁLCULO'!$S$96+'MEMÓRIA DE CÁLCULO'!$S$97)/12 -> 0 | Y69: =('MEMÓRIA DE CÁLCULO'!$S$96+'MEMÓRIA DE CÁLCULO'!$S$97)/12 -> 0 | AA69: =('MEMÓRIA DE CÁLCULO'!$S$96+'MEMÓRIA DE CÁLCULO'!$S$97)/12 -> 0
B70: Locação de imóvel (incluídos impostos e taxas) | C70: Medição bimestral separada dos produtos
B71: =SUM(E69:AA70) -> 0
A72: DESEMBOLSOS TOTAIS | D72: =SUM(D4:D46,D48:D67) -> 16942.83 | E72: =SUM(E4:E46,E48:E67) -> 8699.32 | G72: =SUM(G4:G46,G48:G67) -> 348026.56 | I72: =SUM(I4:I46,I48:I67) -> 73249.28 | L72: =SUM(L4:L46,L48:L67) -> 35346.03 | M72: =SUM(M4:M46,M48:M67,M69:M70) -> 11044.06 | O72: =SUM(O4:O46,O48:O67) -> 8852.38 | P72: =SUM(P4:P46,P48:P67) -> 35259.84 | Q72: =SUM(Q4:Q46,Q48:Q67) -> 13978.75 | T72: =SUM(T4:T46,T48:T67) -> 15878.02 | U72: =SUM(U4:U46,U48:U67) -> 15294.78 | W72: =SUM(W4:W46,W48:W67) -> 91339.48 | X72: =SUM(X4:X46,X48:X67) -> 57938.97 | Y72: =SUM(Y4:Y46,Y48:Y67) -> 7696.35 | Z72: =SUM(Z4:Z46,Z48:Z67) -> 7026.26 | AA72: =SUM(AA4:AA46,AA48:AA67) -> 12490.6 | AB72: =SUM(D72:AA72) -> 759063.51
A73: PERCENTUAL DO CONTRATO | D73: =D72/$AB$72 -> 0.022320701 | E73: =E72/$AB$72 -> 0.011460596 | G73: =G72/$AB$72 -> 0.45849465 | I73: =I72/$AB$72 -> 0.096499541 | L73: =L72/$AB$72 -> 0.046565313 | M73: =M72/$AB$72 -> 0.014549586 | O73: =O72/$AB$72 -> 0.011662239 | P73: =P72/$AB$72 -> 0.046451765 | Q73: =Q72/$AB$72 -> 0.018415784 | T73: =T72/$AB$72 -> 0.020917907 | U73: =U72/$AB$72 -> 0.020149539 | W73: =W72/$AB$72 -> 0.1203318 | X73: =X72/$AB$72 -> 0.076329542 | Y73: =Y72/$AB$72 -> 0.01013927 | Z73: =Z72/$AB$72 -> 0.009256485 | AA73: =AA72/$AB$72 -> 0.016455277
C74: REPASSE | D74: =D72 -> 16942.83 | E74: =E72 -> 8699.32 | G74: 141067.2 | I74: =I72 -> 73249.28 | L74: =L72 -> 35346.03 | M74: =M72 -> 11044.06 | O74: =O72 -> 8852.38 | P74: =P72 -> 35259.84 | Q74: =Q72 -> 13978.75 | T74: =T72 -> 15878.02 | U74: =U72 -> 15294.78 | W74: =W72 -> 91339.48 | X74: =X72 -> 57938.97 | Y74: =Y72 -> 7696.35 | Z74: =Z72 -> 7026.26 | AA74: =AA72 -> 12490.6
C75: CONTRAPARTIDA | D75: 0 | E75: 0 | G75: =G72-G74 -> 206959.36 | I75: 0 | L75: 0 | M75: 0 | O75: 0 | P75: 0 | Q75: 0 | T75: 0 | U75: 0 | W75: 0 | X75: 0 | Y75: 0 | Z75: 0 | AA75: 0
A76: DESEMBOLSO ACUMULADO | D76: =D72 -> 16942.83 | E76: =D76+E72 -> 25642.15 | F76: =E76+F72 -> 25642.15 | G76: =F76+G72 -> 373668.71 | H76: =G76+H72 -> 373668.71 | I76: =H76+I72 -> 446917.99 | J76: =I76+J72 -> 446917.99 | K76: =J76+K72 -> 446917.99 | L76: =K76+L72 -> 482264.02 | ... AA76: =Z76+AA72 -> 759063.51
A77: PERCENTUAL ACUMULADO | D77: =D73 -> 0.022320701 | E77: =D77+E73 -> 0.033781297 | F77: =E77+F73 -> 0.033781297 | G77: =F77+G73 -> 0.49227595 | H77: =G77+H73 -> 0.49227595 | I77: =H77+I73 -> 0.58877549 | J77: =I77+J73 -> 0.58877549 | K77: =J77+K73 -> 0.58877549 | L77: =K77+L73 -> 0.6353408 | ... AA77: =Z77+AA73 -> 1

Sheet MEMÓRIA DE CÁLCULO
A1: PLANO INTEGRADO DE URBANIZAÇÃO E REGULARIZAÇÃO FUNDIÁRIA IPÊ AMARELO, VILA ESPERANÇA E VILA ESTALEIRO ANEXO 1.3 – MEMÓRIA DE CÁLCULO: IPÊ AMARELO
A2: FASE | B2: PRODUTO | C2: ATIVIDADE | D2: QUANTIDADE | E2: UNIDADE | F2: QUANTIDADE DE PROFISSIONAIS | G2: PROFISSIONAIS | H2: REFERÊNCIA | I2: CÓDIGO | J2: CUSTO UNITÁRIO | K2: FATOR DE PREÇO | L2: CUSTO C/ FATOR DE PREÇO | M2: TOTAL S/ DESPESAS COMPLEMENTARES POR ATIVIDADE | N2: TOTAL S/ DESPESAS COMPLEMENTARES E S/ COORDENAÇÃO POR PRODUTO | O2: PROPORCIONAL COORDENAÇÃO | P2: PROPORCIONAL COORDENAÇÃO POR PRODUTO | Q2: TOTAL S/ DESPESAS COMPLEMENTARES POR PRODUTO | R2: DESPESAS COMPLEMENTARES POR PRODUTO CONFORME ANEXO 1.3.2 | S2: TOTAL C/ DESPESAS COMPLEMENTARES POR PRODUTO | T2: PERCENTUAL DO TOTAL S/ DESP. COMP. E SEM COORD. | U2: PERCENTUAL DA ETAPA
A3: ETAPA 01 – PLANEJAMENTO DA URBANIZAÇÃO E REGULARIZAÇÃO FUNDIÁRIA
A4: LEVANTAMENTO SITUACIONAL E PESQUISA DOMINIAL | B4: Relatório de Levantamento Situacional | C4: Vistoria técnica multidisciplinar | D4: 4 | E4: h | F4: 1 | G4: Arquiteto Júnior | H4: SINAPI | I4: 33939 | J4: ='COMPOSIÇÃO HORA TÉCNICA'!E6 -> 60.510171 | K4: K | L4: ='COMPOSIÇÃO HORA TÉCNICA'!F6 -> 143.35 | M4: =ROUND(D4*F4*L4,2) -> 573.4 | N4: =SUM(M4:M10) -> 6670.34 | O4: 69.734705 | P4: =SUM(O4:O10) -> 811.22112 | Q4: =N4+P4 -> 7481.5611 | R4: ='DESPESAS COMPLEMENTARES'!M3 -> 5126.33 | S4: =ROUND(Q4+R4,2) -> 12607.89 | T4: =R4+S4 -> 17734.22 | U4: =S4+T4 -> 30342.11
D5: 4 | E5: h | F5: 1 | G5: Técnico de Nível Superior | H5: URBEL | I5: 31.40.32 | J5: ='COMPOSIÇÃO HORA TÉCNICA'!E8 -> 31.83 | K5: K | L5: ='COMPOSIÇÃO HORA TÉCNICA'!$F$8 -> 75.41 | M5: =ROUND(D5*F5*L5,2) -> 301.64 | O5: 36.684298
D6: 4 | E6: h | F6: 1 | G6: Advogado Sênior | H6: DNIT | I6: P8003 | J6: ='COMPOSIÇÃO HORA TÉCNICA'!E9 -> 54.21 | K6: K | L6: ='COMPOSIÇÃO HORA TÉCNICA'!F9 -> 128.42 | M6: =ROUND(D6*F6*L6,2) -> 513.68 | O6: 62.471788
C7: Sistematização das informações | D7: 16 | E7: h | F7: 1 | G7: Arquiteto Júnior | H7: SINAPI | I7: 33939 | J7: ='COMPOSIÇÃO HORA TÉCNICA'!E6 -> 60.510171 | K7: K | L7: ='COMPOSIÇÃO HORA TÉCNICA'!F6 -> 143.35 | M7: =ROUND(D7*F7*L7,2) -> 2293.6 | O7: 278.93882
D8: 16 | E8: h | F8: 1 | G8: Técnico de Nível Superior | H8: URBEL | I8: 31.40.32 | J8: ='COMPOSIÇÃO HORA TÉCNICA'!E8 -> 31.83 | K8: K | L8: ='COMPOSIÇÃO HORA TÉCNICA'!$F$8 -> 75.41 | M8: =ROUND(D8*F8*L8,2) -> 1206.56 | O8: 146.73719
D9: 8 | E9: h | F9: 1 | G9: Advogado Sênior | H9: DNIT | I9: P8003 | J9: ='COMPOSIÇÃO HORA TÉCNICA'!E9 -> 54.21 | K9: K | L9: ='COMPOSIÇÃO HORA TÉCNICA'!F9 -> 128.42 | M9: =ROUND(D9*F9*L9,2) -> 1027.36 | O9: 124.94358
C10: Trabalho Técnico Social | D10: 10 | E10: h | F10: 1 | G10: Técnico de Nível Superior | H10: URBEL | I10: 31.40.32 | J10: ='COMPOSIÇÃO HORA TÉCNICA'!E8 -> 31.83 | K10: K | L10: ='COMPOSIÇÃO HORA TÉCNICA'!$F$8 -> 75.41 | M10: =ROUND(D10*F10*L10,2) -> 754.1 | O10: 91.710745
B11: Plano de Mobilização, Organização e Capacitação Social | C11: Plano de Mobilização, Organização e Capacitação Social | D11: 20 | E11: h | F11: 1 | G11: Técnico de Nível Superior | H11: URBEL | I11: 31.40.32 | J11: ='COMPOSIÇÃO HORA TÉCNICA'!E8 -> 31.83 | K11: K | L11: ='COMPOSIÇÃO HORA TÉCNICA'!$F$8 -> 75.41 | M11: =ROUND(D11*F11*L11,2) -> 1508.2 | N11: =SUM(M11:M12) -> 2262.3 | O11: 183.42149 | P11: =O11+O12 -> 275.13223 | Q11: =N11+P11 -> 2537.4322 | R11: ='DESPESAS COMPLEMENTARES'!M16 -> 1797.51 | S11: =ROUND(Q11+R11,2) -> 4334.94 | T11: =M11/($M$16+$M$21+$M$27+$M$40+$M$59+$M$81+$M$93) -> 0.0024485395 | U11: =M11/$M$16 -> 0.095158416
C12: Trabalho Técnico Social | D12: 10 | E12: h | F12: 1 | G12: Técnico de Nível Superior | H12: URBEL | I12: 31.40.32 | J12: ='COMPOSIÇÃO HORA TÉCNICA'!E8 -> 31.83 | K12: K | L12: ='COMPOSIÇÃO HORA TÉCNICA'!$F$8 -> 75.41 | M12: =ROUND(D12*F12*L12,2) -> 754.1 | O12: 91.710745 | T12: =M12/($M$16+$M$21+$M$27+$M$40+$M$59+$M$81+$M$93) -> 0.0012242698 | U12: =M12/$M$16 -> 0.047579208
B13: Relatório de Pesquisa Dominial e Cartorária | C13: Pesquisa Cartorária | D13: 20 | E13: h | F13: 1 | G13: Advogado Sênior | H13: DNIT | I13: P8003 | J13: ='COMPOSIÇÃO HORA TÉCNICA'!E9 -> 54.21 | K13: K | L13: ='COMPOSIÇÃO HORA TÉCNICA'!F9 -> 128.42 | M13: =ROUND(D13*F13*L13,2) -> 2568.4 | N13: =M13+M14+M15 -> 6916.72 | O13: 312.35894 | P13: =O13+O14+O15 -> 841.18491 | Q13: =N13+P13 -> 7757.9049 | R13: ='DESPESAS COMPLEMENTARES'!M26 -> 941.42 | S13: =ROUND(Q13+R13,2) -> 8699.32 | T13: =M13/($M$16+$M$21+$M$27+$M$40+$M$59+$M$81+$M$93) -> 0.0041697579 | U13: =M13/$M$16 -> 0.16205071
C14: Quadro dominial | D14: 16 | E14: h | F14: 1 | G14: Arquiteto Júnior | H14: SINAPI | I14: 33939 | J14: ='COMPOSIÇÃO HORA TÉCNICA'!E6 -> 60.510171 | K14: K | L14: ='COMPOSIÇÃO HORA TÉCNICA'!F6 -> 143.35 | M14: =ROUND(D14*F14*L14,2) -> 2293.6 | O14: 278.93882 | T14: =M14/($M$16+$M$21+$M$27+$M$40+$M$59+$M$81+$M$93) -> 0.0037236243 | U14: =M14/$M$16 -> 0.14471247
D15: 16 | E15: h | F15: 1 | G15: Advogado Sênior | H15: DNIT | I15: P8003 | J15: ='COMPOSIÇÃO HORA TÉCNICA'!E9 -> 54.21 | K15: K | L15: ='COMPOSIÇÃO HORA TÉCNICA'!F9 -> 128.42 | M15: =ROUND(D15*F15*L15,2) -> 2054.72 | O15: 249.88715 | T15: =M15/($M$16+$M$21+$M$27+$M$40+$M$59+$M$81+$M$93) -> 0.0033358063 | U15: =M15/$M$16 -> 0.12964057
M16: =SUM(M4:M15) -> 15849.36
A17: ATUALIZAÇÃO DA BASE CARTOGRÁFICA | B17: Levantamento Planialtimétrico Cadastral | C17: Levantamento Planialtimétrico Cadastral | D17: 100879 | E17: m² | F17: - | G17: - | H17: URBEL | I17: 18.17.01 | J17: 2.26 | K17: TRDE | L17: =ROUND(J17*'COMPOSIÇÃO HORA TÉCNICA'!C15,2) -> 2.84 | M17: =D17*L17 -> 286496.36 | N17: =M17 -> 286496.36 | O17: =($M$95)*$T17 -> 34830.601 | P17: 0 | Q17: =N17+P17 -> 286496.36 | R17: 0 | S17: =ROUND(Q17+R17,2) -> 286496.36 | T17: =M17/($M$16+$M$21+$M$27+$M$40+$M$59+$M$81+$M$93) -> 0.46512244 | U17: =M17/$M$21 -> 0.96346747
C18: Trabalho Técnico Social | D18: 20 | E18: h | F18: 1 | G18: Técnico de Nível Superior | H18: URBEL | I18: 31.40.32 | J18: ='COMPOSIÇÃO HORA TÉCNICA'!E8 -> 31.83 | K18: K | L18: ='COMPOSIÇÃO HORA TÉCNICA'!$F$8 -> 75.41 | M18: =ROUND(D18*F18*L18,2) -> 1508.2 | O18: =($M$95)*$T18 -> 183.35839 | T18: =M18/($M$16+$M$21+$M$27+$M$40+$M$59+$M$81+$M$93) -> 0.0024485395 | U18: =M18/$M$21 -> 0.0050719724
B19: Base Cartográfica Atualizada | C19: Atualização de Base | D19: 30 | E19: h | F19: 2 | G19: Arquiteto Júnior | H19: SINAPI | I19: 33939 | J19: ='COMPOSIÇÃO HORA TÉCNICA'!E6 -> 60.510171 | K19: K | L19: ='COMPOSIÇÃO HORA TÉCNICA'!F6 -> 143.35 | M19: =ROUND(D19*F19*L19,2) -> 8601 | N19: =SUM(M18:M20) -> 10863.3 | O19: =($M$95)*$T19 -> 1045.6607 | P19: 36137.97 | Q19: =N19+P19 -> 47001.27 | R19: ='DESPESAS COMPLEMENTARES'!M45+'DESPESAS COMPLEMENTARES'!M35 -> 14528.93 | S19: =ROUND(Q19+R19,2) -> 61530.2 | T19: =M19/($M$16+$M$21+$M$27+$M$40+$M$59+$M$81+$M$93) -> 0.013963591 | U19: =M19/$M$21 -> 0.028924569
C20: Trabalho Técnico Social | D20: 10 | E20: h | F20: 1 | G20: Técnico de Nível Superior | H20: URBEL | I20: 31.40.32 | J20: ='COMPOSIÇÃO HORA TÉCNICA'!E8 -> 31.83 | K20: K | L20: ='COMPOSIÇÃO HORA TÉCNICA'!$F$8 -> 75.41 | M20: =ROUND(D20*F20*L20,2) -> 754.1 | O20: =($M$95)*$T20 -> 91.679196 | T20: =M20/($M$16+$M$21+$M$27+$M$40+$M$59+$M$81+$M$93) -> 0.0012242698 | U20: =M20/$M$21 -> 0.0025359862
M21: =SUM(M17:M20) -> 297359.66
A22: SELAGEM E CADASTRO SOCIOECONÔMICO E FUNDIÁRIO | B22: Relatório da fase de Selagem e Cadastro Socioeconômico e Fundiário, incluindo como anexo o arquivo digital do Banco de Dados Preliminar e os prontuários separados por selo | C22: Contagem de Domicílio e Selagem | D22: 100 | E22: h | F22: 1 | G22: Arquiteto Júnior | H22: SINAPI | I22: 33939 | J22: ='COMPOSIÇÃO HORA TÉCNICA'!E6 -> 60.510171 | K22: K | L22: ='COMPOSIÇÃO HORA TÉCNICA'!F6 -> 143.35 | M22: =ROUND(D22*F22*L22,2) -> 14335 | N22: =SUM(M22:M26) -> 55810.5 | O22: 1743.3676 | P22: =SUM(O22:O26) -> 6787.4586 | Q22: =N22+P22 -> 62597.959 | R22: ='DESPESAS COMPLEMENTARES'!M55 -> 10651.32 | S22: =ROUND(Q22+R22,2) -> 73249.28 | T22: =M22/($M$16+$M$21+$M$27+$M$40+$M$59+$M$81+$M$93) -> 0.023272652 | U22: =M22/$M$27 -> 0.25685131
D23: 100 | E23: h | F23: 2 | G23: Técnico de Nível Superior | H23: URBEL | I23: 31.40.32 | J23: ='COMPOSIÇÃO HORA TÉCNICA'!E8 -> 31.83 | K23: K | L23: ='COMPOSIÇÃO HORA TÉCNICA'!$F$8 -> 75.41 | M23: =ROUND(D23*F23*L23,2) -> 15082 | O23: 1834.2149 | T23: =M23/($M$16+$M$21+$M$27+$M$40+$M$59+$M$81+$M$93) -> 0.024485395 | U23: =M23/$M$27 -> 0.27023589
C24: Aplicação de Cadastro | D24: 160 | E24: h | F24: 2 | G24: Técnico de Nível Superior | H24: URBEL | I24: 31.40.32 | J24: ='COMPOSIÇÃO HORA TÉCNICA'!E8 -> 31.83 | K24: K | L24: ='COMPOSIÇÃO HORA TÉCNICA'!$F$8 -> 75.41 | M24: =ROUND(D24*F24*L24,2) -> 24131.2 | O24: 2934.7438 | T24: =M24/($M$16+$M$21+$M$27+$M$40+$M$59+$M$81+$M$93) -> 0.039176632 | U24: =M24/$M$27 -> 0.43237742
C25: Montagem de Banco de Dados | D25: 20 | E25: h | F25: 1 | G25: Técnico de Nível Superior | H25: URBEL | I25: 31.40.32 | J25: ='COMPOSIÇÃO HORA TÉCNICA'!E8 -> 31.83 | K25: K | L25: ='COMPOSIÇÃO HORA TÉCNICA'!$F$8 -> 75.41 | M25: =ROUND(D25*F25*L25,2) -> 1508.2 | O25: 183.42149 | T25: =M25/($M$16+$M$21+$M$27+$M$40+$M$59+$M$81+$M$93) -> 0.0024485395 | U25: =M25/$M$27 -> 0.027023589
C26: Trabalho Técnico Social | D26: 10 | E26: h | F26: 1 | G26: Técnico de Nível Superior | H26: URBEL | I26: 31.40.32 | J26: ='COMPOSIÇÃO HORA TÉCNICA'!E8 -> 31.83 | K26: K | L26: ='COMPOSIÇÃO HORA TÉCNICA'!$F$8 -> 75.41 | M26: =ROUND(D26*F26*L26,2) -> 754.1 | O26: 91.710745 | T26: =M26/($M$16+$M$21+$M$27+$M$40+$M$59+$M$81+$M$93) -> 0.0012242698 | U26: =M26/$M$27 -> 0.013511794
M27: =SUM(M22:M26) -> 55810.5
A28: DIAGNÓSTICO | B28: Diagnóstico Setorial Jurídico | C28: Jurídico | D28: 30 | E28: h | F28: 1 | G28: Advogado Sênior | H28: DNIT | I28: P8003 | J28: ='COMPOSIÇÃO HORA TÉCNICA'!E9 -> 54.21 | K28: K | L28: ='COMPOSIÇÃO HORA TÉCNICA'!F9 -> 128.42 | M28: =ROUND(D28*F28*L28,2) -> 3852.6 | N28: =M28+M29 -> 4606.7 | O28: 468.53841 | P28: =O28+O29 -> 560.24915 | Q28: =N28+P28 -> 5166.9492 | R28: ='DESPESAS COMPLEMENTARES'!M68 -> 524.13 | S28: =ROUND(Q28+R28,2) -> 5691.08 | T28: =M28/($M$16+$M$21+$M$27+$M$40+$M$59+$M$81+$M$93) -> 0.0062546369 | U28: =M28/$M$40 -> 0.10593956
C29: Trabalho Técnico Social | D29: 10 | E29: h | F29: 1 | G29: Técnico de Nível Superior | H29: URBEL | I29: 31.40.32 | J29: ='COMPOSIÇÃO HORA TÉCNICA'!E8 -> 31.83 | K29: K | L29: ='COMPOSIÇÃO HORA TÉCNICA'!$F$8 -> 75.41 | M29: =ROUND(D29*F29*L29,2) -> 754.1 | O29: 91.710745 | T29: =M29/($M$16+$M$21+$M$27+$M$40+$M$59+$M$81+$M$93) -> 0.0012242698 | U29: =M29/$M$40 -> 0.020736391
B30: Diagnóstico Setorial dos Aspectos Físico-Urbano-Ambientais | C30: Físico-Urbano-Ambiental | D30: 60 | E30: h | F30: 1 | G30: Arquiteto Júnior | H30: SINAPI | I30: 33939 | J30: ='COMPOSIÇÃO HORA TÉCNICA'!E6 -> 60.510171 | K30: K | L30: ='COMPOSIÇÃO HORA TÉCNICA'!F6 -> 143.35 | M30: =ROUND(D30*F30*L30,2) -> 8601 | N30: =M30+M31+M32 -> 19680.5 | O30: 1046.0206 | P30: =O30+O31+O32 -> 2393.4668 | Q30: =N30+P30 -> 22073.967 | R30: ='DESPESAS COMPLEMENTARES'!M73 -> 3451.35 | S30: =ROUND(Q30+R30,2) -> 25525.32 | T30: =M30/($M$16+$M$21+$M$27+$M$40+$M$59+$M$81+$M$93) -> 0.013963591 | U30: =M30/$M$40 -> 0.236512
D31: 60 | E31: h | F31: 1 | G31: Engenheiro Intermediário | H31: SUDECAP | I31: 56.11.05 | J31: ='COMPOSIÇÃO HORA TÉCNICA'!E5 -> 72.64 | K31: K | L31: ='COMPOSIÇÃO HORA TÉCNICA'!F5 -> 172.09 | M31: =ROUND(D31*F31*L31,2) -> 10325.4 | O31: 1255.7355 | T31: =M31/($M$16+$M$21+$M$27+$M$40+$M$59+$M$81+$M$93) -> 0.016763128 | U31: =M31/$M$40 -> 0.28392989
C32: Trabalho Técnico Social | D32: 10 | E32: h | F32: 1 | G32: Técnico de Nível Superior | H32: URBEL | I32: 31.40.32 | J32: ='COMPOSIÇÃO HORA TÉCNICA'!E8 -> 31.83 | K32: K | L32: ='COMPOSIÇÃO HORA TÉCNICA'!$F$8 -> 75.41 | M32: =ROUND(D32*F32*L32,2) -> 754.1 | O32: 91.710745 | T32: =M32/($M$16+$M$21+$M$27+$M$40+$M$59+$M$81+$M$93) -> 0.0012242698 | U32: =M32/$M$40 -> 0.020736391
B33: Diagnóstico Setorial dos Aspectos Socioeconômico Organizativos | C33: Socioeconômico-Organizativo | D33: 30 | E33: h | F33: 1 | G33: Técnico de Nível Superior | H33: URBEL | I33: 31.40.32 | J33: ='COMPOSIÇÃO HORA TÉCNICA'!E8 -> 31.83 | K33: K | L33: ='COMPOSIÇÃO HORA TÉCNICA'!$F$8 -> 75.41 | M33: =ROUND(D33*F33*L33,2) -> 2262.3 | N33: =M33+M34 -> 3016.4 | O33: 275.13223 | P33: =O33+O34 -> 366.84298 | Q33: =N33+P33 -> 3383.243 | R33: ='DESPESAS COMPLEMENTARES'!M81 -> 746.39 | S33: =ROUND(Q33+R33,2) -> 4129.63 | T33: =M33/($M$16+$M$21+$M$27+$M$40+$M$59+$M$81+$M$93) -> 0.0036728093 | U33: =M33/$M$40 -> 0.062209172
C34: Trabalho Técnico Social | D34: 10 | E34: h | F34: 1 | G34: Técnico de Nível Superior | H34: URBEL | I34: 31.40.32 | J34: ='COMPOSIÇÃO HORA TÉCNICA'!E8 -> 31.83 | K34: K | L34: ='COMPOSIÇÃO HORA TÉCNICA'!$F$8 -> 75.41 | M34: =ROUND(D34*F34*L34,2) -> 754.1 | O34: 91.710745 | T34: =M34/($M$16+$M$21+$M$27+$M$40+$M$59+$M$81+$M$93) -> 0.0012242698 | U34: =M34/$M$40 -> 0.020736391
B35: Diagnóstico Integrado | C35: Integrado | D35: 16 | E35: h | F35: 1 | G35: Arquiteto Júnior | H35: SINAPI | I35: 33939 | J35: ='COMPOSIÇÃO HORA TÉCNICA'!E6 -> 60.510171 | K35: K | L35: ='COMPOSIÇÃO HORA TÉCNICA'!F6 -> 143.35 | M35: =ROUND(D35*F35*L35,2) -> 2293.6 | N35: =SUM(M35:M39) -> 9062.42 | O35: 278.93882 | P35: =SUM(O35:O39) -> 1102.1367 | Q35: =N35+P35 -> 10164.557 | R35: ='DESPESAS COMPLEMENTARES'!M87 -> 879.5 | S35: =ROUND(Q35+R35,2) -> 11044.06 | T35: =M35/($M$16+$M$21+$M$27+$M$40+$M$59+$M$81+$M$93) -> 0.0037236243 | U35: =M35/$M$40 -> 0.063069866
D36: 16 | E36: h | F36: 1 | G36: Técnico de Nível Superior | H36: URBEL | I36: 31.40.32 | J36: ='COMPOSIÇÃO HORA TÉCNICA'!E8 -> 31.83 | K36: K | L36: ='COMPOSIÇÃO HORA TÉCNICA'!$F$8 -> 75.41 | M36: =ROUND(D36*F36*L36,2) -> 1206.56 | O36: 146.73719 | T36: =M36/($M$16+$M$21+$M$27+$M$40+$M$59+$M$81+$M$93) -> 0.0019588316 | U36: =M36/$M$40 -> 0.033178225
D37: 16 | E37: h | F37: 1 | G37: Advogado Sênior | H37: DNIT | I37: P8003 | J37: ='COMPOSIÇÃO HORA TÉCNICA'!E9 -> 54.21 | K37: K | L37: ='COMPOSIÇÃO HORA TÉCNICA'!F9 -> 128.42 | M37: =ROUND(D37*F37*L37,2) -> 2054.72 | O37: 249.88715 | T37: =M37/($M$16+$M$21+$M$27+$M$40+$M$59+$M$81+$M$93) -> 0.0033358063 | U37: =M37/$M$40 -> 0.056501096
D38: 16 | E38: h | F38: 1 | G38: Engenheiro Intermediário | H38: SUDECAP | I38: 56.11.05 | J38: ='COMPOSIÇÃO HORA TÉCNICA'!E5 -> 72.64 | K38: K | L38: ='COMPOSIÇÃO HORA TÉCNICA'!F5 -> 172.09 | M38: =ROUND(D38*F38*L38,2) -> 2753.44 | O38: 334.86279 | T38: =M38/($M$16+$M$21+$M$27+$M$40+$M$59+$M$81+$M$93) -> 0.0044701675 | U38: =M38/$M$40 -> 0.075714637
C39: Trabalho Técnico Social | D39: 10 | E39: h | F39: 1 | G39: Técnico de Nível Superior | H39: URBEL | I39: 31.40.32 | J39: ='COMPOSIÇÃO HORA TÉCNICA'!E8 -> 31.83 | K39: K | L39: ='COMPOSIÇÃO HORA TÉCNICA'!$F$8 -> 75.41 | M39: =ROUND(D39*F39*L39,2) -> 754.1 | O39: 91.710745 | T39: =M39/($M$16+$M$21+$M$27+$M$40+$M$59+$M$81+$M$93) -> 0.0012242698 | U39: =M39/$M$40 -> 0.020736391
M40: =SUM(M28:M39) -> 36366.02
A41: PROPOSTAS DE SOLUÇÃO DE DESCONFORMIDADES | B41: Relatório de Cenário de Intervenção Integrada | C41: Estudo de Cenário de Intervenção Integrada | D41: 16 | E41: h | F41: 1 | G41: Arquiteto Júnior | H41: SINAPI | I41: 33939 | J41: ='COMPOSIÇÃO HORA TÉCNICA'!E6 -> 60.510171 | K41: K | L41: ='COMPOSIÇÃO HORA TÉCNICA'!F6 -> 143.35 | M41: =ROUND(D41*F41*L41,2) -> 2293.6 | N41: =M41+M42+M43+M44 -> 6828.5 | O41: 278.93882 | P41: =SUM(O41:O44) -> 830.45593 | Q41: =N41+P41 -> 7658.9559 | R41: ='DESPESAS COMPLEMENTARES'!M97 -> 1193.42 | S41: =ROUND(Q41+R41,2) -> 8852.38 | T41: =M41/($M$16+$M$21+$M$27+$M$40+$M$59+$M$81+$M$93) -> 0.0037236243 | U41: =M41/$M$59 -> 0.05008103
D42: 8 | E42: h | F42: 1 | G42: Advogado Sênior | H42: DNIT | I42: P8003 | J42: ='COMPOSIÇÃO HORA TÉCNICA'!E9 -> 54.21 | K42: K | L42: ='COMPOSIÇÃO HORA TÉCNICA'!F9 -> 128.42 | M42: =ROUND(D42*F42*L42,2) -> 1027.36 | O42: 124.94358 | T42: =M42/($M$16+$M$21+$M$27+$M$40+$M$59+$M$81+$M$93) -> 0.0016679032 | U42: =M42/$M$59 -> 0.022432528
D43: 16 | E43: h | F43: 1 | G43: Engenheiro Intermediário | H43: SUDECAP | I43: 56.11.05 | J43: ='COMPOSIÇÃO HORA TÉCNICA'!E5 -> 72.64 | K43: K | L43: ='COMPOSIÇÃO HORA TÉCNICA'!F5 -> 172.09 | M43: =ROUND(D43*F43*L43,2) -> 2753.44 | O43: 334.86279 | T43: =M43/($M$16+$M$21+$M$27+$M$40+$M$59+$M$81+$M$93) -> 0.0044701675 | U43: =M43/$M$59 -> 0.060121691
C44: Trabalho Técnico Social | D44: 10 | E44: h | F44: 1 | G44: Técnico de Nível Superior | H44: URBEL | I44: 31.40.32 | J44: ='COMPOSIÇÃO HORA TÉCNICA'!E8 -> 31.83 | K44: K | L44: ='COMPOSIÇÃO HORA TÉCNICA'!$F$8 -> 75.41 | M44: =ROUND(D44*F44*L44,2) -> 754.1 | O44: 91.710745 | T44: =M44/($M$16+$M$21+$M$27+$M$40+$M$59+$M$81+$M$93) -> 0.0012242698 | U44: =M44/$M$40 -> 0.020736391
B45: Propostas de Intervenção Físico-Urbano-Ambientais | C45: Propostas de Intervenção Físico-Urbano-Ambiental | D45: 40 | E45: h | F45: 1 | G45: Arquiteto Júnior | H45: SINAPI | I45: 33939 | J45: ='COMPOSIÇÃO HORA TÉCNICA'!E6 -> 60.510171 | K45: K | L45: ='COMPOSIÇÃO HORA TÉCNICA'!F6 -> 143.35 | M45: =ROUND(D45*F45*L45,2) -> 5734 | N45: =SUM(M45:M49) -> 18418.74 | O45: 697.34705 | P45: =SUM(O45:O49) -> 2240.0164 | Q45: =N45+P45 -> 20658.756 | R45: ='DESPESAS COMPLEMENTARES'!M105 -> 2323.07 | S45: =ROUND(Q45+R45,2) -> 22981.83 | T45: =M45/($M$16+$M$21+$M$27+$M$40+$M$59+$M$81+$M$93) -> 0.0093090609 | U45: =M45/$M$59 -> 0.12520258
D46: 40 | E46: h | F46: 1 | G46: Engenheiro Intermediário | H46: SUDECAP | I46: 56.11.05 | J46: ='COMPOSIÇÃO HORA TÉCNICA'!E5 -> 72.64 | K46: K | L46: ='COMPOSIÇÃO HORA TÉCNICA'!F5 -> 172.09 | M46: =ROUND(D46*F46*L46,2) -> 6883.6 | O46: 837.15699 | T46: =M46/($M$16+$M$21+$M$27+$M$40+$M$59+$M$81+$M$93) -> 0.011175419 | U46: =M46/$M$59 -> 0.15030423
C47: Plano de Intervenção Integrada | D47: 16 | E47: h | F47: 1 | G47: Engenheiro Intermediário | H47: SUDECAP | I47: 56.11.05 | J47: ='COMPOSIÇÃO HORA TÉCNICA'!E5 -> 72.64 | K47: K | L47: ='COMPOSIÇÃO HORA TÉCNICA'!F5 -> 172.09 | M47: =ROUND(D47*F47*L47,2) -> 2753.44 | O47: 334.86279 | T47: =M47/($M$16+$M$21+$M$27+$M$40+$M$59+$M$81+$M$93) -> 0.0044701675 | U47: =M47/$M$59 -> 0.060121691
D48: 16 | E48: h | F48: 1 | G48: Arquiteto Júnior | H48: SINAPI | I48: 33939 | J48: ='COMPOSIÇÃO HORA TÉCNICA'!E6 -> 60.510171 | K48: K | L48: ='COMPOSIÇÃO HORA TÉCNICA'!F6 -> 143.35 | M48: =ROUND(D48*F48*L48,2) -> 2293.6 | O48: 278.93882 | T48: =M48/($M$16+$M$21+$M$27+$M$40+$M$59+$M$81+$M$93) -> 0.0037236243 | U48: =M48/$M$59 -> 0.05008103
C49: Trabalho Técnico Social | D49: 10 | E49: h | F49: 1 | G49: Técnico de Nível Superior | H49: URBEL | I49: 31.40.32 | J49: ='COMPOSIÇÃO HORA TÉCNICA'!E8 -> 31.83 | K49: K | L49: ='COMPOSIÇÃO HORA TÉCNICA'!$F$8 -> 75.41 | M49: =ROUND(D49*F49*L49,2) -> 754.1 | O49: 91.710745 | T49: =M49/($M$16+$M$21+$M$27+$M$40+$M$59+$M$81+$M$93) -> 0.0012242698 | U49: =M49/$M$40 -> 0.020736391
B50: Propostas de Intervenção Socioeconômico-Organizativas | C50: Propostas de Intervenção Socioeconômica-Organizativas | D50: 30 | E50: h | F50: 1 | G50: Técnico de Nível Superior | H50: URBEL | I50: 31.40.32 | J50: ='COMPOSIÇÃO HORA TÉCNICA'!E8 -> 31.83 | K50: K | L50: ='COMPOSIÇÃO HORA TÉCNICA'!$F$8 -> 75.41 | M50: =ROUND(D50*F50*L50,2) -> 2262.3 | N50: 3016.4 | O50: 275.13223 | P50: =O50+O51 -> 366.84298 | Q50: =N50+P50 -> 3383.243 | R50: ='DESPESAS COMPLEMENTARES'!M113 -> 762.71 | S50: =ROUND(Q50+R50,2) -> 4145.95 | T50: =M50/($M$16+$M$21+$M$27+$M$40+$M$59+$M$81+$M$93) -> 0.0036728093 | U50: =M50/$M$59 -> 0.049397591
C51: Trabalho Técnico Social | D51: 10 | E51: h | F51: 1 | G51: Técnico de Nível Superior | H51: URBEL | I51: 31.40.32 | J51: ='COMPOSIÇÃO HORA TÉCNICA'!E8 -> 31.83 | K51: K | L51: ='COMPOSIÇÃO HORA TÉCNICA'!$F$8 -> 75.41 | M51: =ROUND(D51*F51*L51,2) -> 754.1 | O51: 91.710745 | T51: =M51/($M$16+$M$21+$M$27+$M$40+$M$59+$M$81+$M$93) -> 0.0012242698 | U51: =M51/$M$40 -> 0.020736391
B52: Propostas de Intervenção Jurídico-Legais | C52: Propostas de Intervenção Jurídico-Legais | D52: 30 | E52: h | F52: 1 | G52: Advogado Sênior | H52: DNIT | I52: P8003 | J52: ='COMPOSIÇÃO HORA TÉCNICA'!E9 -> 54.21 | K52: K | L52: ='COMPOSIÇÃO HORA TÉCNICA'!F9 -> 128.42 | M52: =ROUND(D52*F52*L52,2) -> 3852.6 | N52: =M52+M53+M54 -> 6570.3 | O52: 468.53841 | P52: =O52+O53+O54 -> 799.05464 | Q52: 7369.3546 | R52: ='DESPESAS COMPLEMENTARES'!M117 -> 762.71 | S52: =ROUND(Q52+R52,2) -> 8132.06 | T52: =M52/($M$16+$M$21+$M$27+$M$40+$M$59+$M$81+$M$93) -> 0.0062546369 | U52: =M52/$M$59 -> 0.084121981
C53: Plano de Regularização Fundiária | D53: 10 | E53: h | F53: 1 | G53: Arquiteto Júnior | H53: SINAPI | I53: 33939 | J53: ='COMPOSIÇÃO HORA TÉCNICA'!E6 -> 60.510171 | K53: K | L53: ='COMPOSIÇÃO HORA TÉCNICA'!F6 -> 143.35 | M53: =ROUND(D53*F53*L53,2) -> 1433.5 | O53: 174.33676 | T53: =M53/($M$16+$M$21+$M$27+$M$40+$M$59+$M$81+$M$93) -> 0.0023272652 | U53: =M53/$M$59 -> 0.031300644
D54: 10 | E54: h | F54: 1 | G54: Advogado Sênior | H54: DNIT | I54: P8003 | J54: ='COMPOSIÇÃO HORA TÉCNICA'!E9 -> 54.21 | K54: K | L54: ='COMPOSIÇÃO HORA TÉCNICA'!F9 -> 128.42 | M54: =ROUND(D54*F54*L54,2) -> 1284.2 | O54: 156.17947 | T54: =M54/($M$16+$M$21+$M$27+$M$40+$M$59+$M$81+$M$93) -> 0.002084879 | U54: =M54/$M$59 -> 0.02804066
B55: Estimativas de Custos de Urbanização | C55: Estimativa de custos de Urbanização | D55: 30 | E55: h | F55: 1 | G55: Engenheiro Intermediário | H55: SUDECAP | I55: 56.11.05 | J55: ='COMPOSIÇÃO HORA TÉCNICA'!E5 -> 72.64 | K55: K | L55: ='COMPOSIÇÃO HORA TÉCNICA'!F5 -> 172.09 | M55: =ROUND(D55*F55*L55,2) -> 5162.7 | N55: =M55 -> 5162.7 | O55: 627.86774 | P55: =O55 -> 627.86774 | Q55: =N55+P55 -> 5790.5677 | R55: ='DESPESAS COMPLEMENTARES'!M121 -> 574.36 | S55: =ROUND(Q55+R55,2) -> 6364.93 | T55: =M55/($M$16+$M$21+$M$27+$M$40+$M$59+$M$81+$M$93) -> 0.0083815641 | U55: =M55/$M$59 -> 0.11272817
B56: Hierarquização de Ações e Obras | C56: Hierarquização de Ações e Obras | D56: 16 | E56: h | F56: 1 | G56: Arquiteto Júnior | H56: SINAPI | I56: 33939 | J56: ='COMPOSIÇÃO HORA TÉCNICA'!E6 -> 60.510171 | K56: K | L56: ='COMPOSIÇÃO HORA TÉCNICA'!F6 -> 143.35 | M56: =ROUND(D56*F56*L56,2) -> 2293.6 | N56: =M56+M57+M58 -> 5801.14 | O56: 278.93882 | P56: =O56+O57+O58 -> 705.51236 | Q56: =N56+P56 -> 6506.6524 | R56: ='DESPESAS COMPLEMENTARES'!M125 -> 1107.17 | S56: =ROUND(Q56+R56,2) -> 7613.82 | T56: =M56/($M$16+$M$21+$M$27+$M$40+$M$59+$M$81+$M$93) -> 0.0037236243 | U56: =M56/$M$59 -> 0.05008103
D57: 16 | E57: h | F57: 1 | G57: Engenheiro Intermediário | H57: SUDECAP | I57: 56.11.05 | J57: ='COMPOSIÇÃO HORA TÉCNICA'!E5 -> 72.64 | K57: K | L57: ='COMPOSIÇÃO HORA TÉCNICA'!F5 -> 172.09 | M57: =ROUND(D57*F57*L57,2) -> 2753.44 | O57: 334.86279 | T57: =M57/($M$16+$M$21+$M$27+$M$40+$M$59+$M$81+$M$93) -> 0.0044701675 | U57: =M57/$M$59 -> 0.060121691
C58: Trabalho Técnico Social | D58: 10 | E58: h | F58: 1 | G58: Técnico de Nível Superior | H58: URBEL | I58: 31.40.32 | J58: ='COMPOSIÇÃO HORA TÉCNICA'!E8 -> 31.83 | K58: K | L58: ='COMPOSIÇÃO HORA TÉCNICA'!$F$8 -> 75.41 | M58: =ROUND(D58*F58*L58,2) -> 754.1 | O58: 91.710745 | T58: =M58/($M$16+$M$21+$M$27+$M$40+$M$59+$M$81+$M$93) -> 0.0012242698 | U58: =M58/$M$40 -> 0.020736391
M59: =SUM(M41:M58) -> 45797.78
A60: ETAPA 02 – PROJETO DE REGULARIZAÇÃO FUNDIÁRIA SUSTENTÁVEL
A61: REGULARIZAÇÃO FUNDIÁRIA URBANA REURB | B61: Relatório elucidativo dos procedimentos técnicos e administrativos referentes à Demarcação Urbanística | C61: Auto de Demarcação Urbanística | D61: 16 | E61: h | F61: 1 | G61: Arquiteto Júnior | H61: SINAPI | I61: 33939 | J61: ='COMPOSIÇÃO HORA TÉCNICA'!E6 -> 60.510171 | K61: K | L61: ='COMPOSIÇÃO HORA TÉCNICA'!F6 -> 143.35 | M61: =ROUND(D61*F61*L61,2) -> 2293.6 | N61: =SUM(M61:M68) -> 12704.64 | O61: 278.93882 | P61: =SUM(O61:O68) -> 1545.0895 | Q61: =N61+P61 -> 14249.73 | R61: ='DESPESAS COMPLEMENTARES'!M135 -> 1628.29 | S61: =ROUND(Q61+R61,2) -> 15878.02 | T61: =M61/($M$16+$M$21+$M$27+$M$40+$M$59+$M$81+$M$93) -> 0.0037236243 | U61: =M61/$M$81 -> 0.015289001
D62: 16 | E62: h | F62: 1 | G62: Advogado Sênior | H62: DNIT | I62: P8003 | J62: ='COMPOSIÇÃO HORA TÉCNICA'!E9 -> 54.21 | K62: K | L62: ='COMPOSIÇÃO HORA TÉCNICA'!F9 -> 128.42 | M62: =ROUND(D62*F62*L62,2) -> 2054.72 | O62: 249.88715 | T62: =M62/($M$16+$M$21+$M$27+$M$40+$M$59+$M$81+$M$93) -> 0.0033358063 | U62: =M62/$M$81 -> 0.013696641
C63: Notificações dos titulares de domínio e confrontantes | D63: 16 | E63: h | F63: 1 | G63: Arquiteto Júnior | H63: SINAPI | I63: 33939 | J63: ='COMPOSIÇÃO HORA TÉCNICA'!E6 -> 60.510171 | K63: K | L63: ='COMPOSIÇÃO HORA TÉCNICA'!F6 -> 143.35 | M63: =ROUND(D63*F63*L63,2) -> 2293.6 | O63: 278.93882 | T63: =M63/($M$16+$M$21+$M$27+$M$40+$M$59+$M$81+$M$93) -> 0.0037236243 | U63: =M63/$M$81 -> 0.015289001
D64: 16 | E64: h | F64: 1 | G64: Advogado Sênior | H64: DNIT | I64: P8003 | J64: ='COMPOSIÇÃO HORA TÉCNICA'!E9 -> 54.21 | K64: K | L64: ='COMPOSIÇÃO HORA TÉCNICA'!F9 -> 128.42 | M64: =ROUND(D64*F64*L64,2) -> 2054.72 | O64: 249.88715 | T64: =M64/($M$16+$M$21+$M$27+$M$40+$M$59+$M$81+$M$93) -> 0.0033358063 | U64: =M64/$M$81 -> 0.013696641
D65: 20 | E65: unidades | F65: - | G65: AR | H65: CORREIOS | I65: AR | J65: 21.35 | K65: TRDE | L65: =ROUND(J65*$L$100,2) -> 26.81 | M65: =ROUND(D65*L65,2) -> 536.2 | O65: 65.210584 | T65: =M65/($M$16+$M$21+$M$27+$M$40+$M$59+$M$81+$M$93) -> 0.00087051246 | U65: =M65/$M$81 -> 0.0035742773
C66: Lavratura dos autos e averbação | D66: 10 | E66: h | F66: 1 | G66: Arquiteto Júnior | H66: SINAPI | I66: 33939 | J66: ='COMPOSIÇÃO HORA TÉCNICA'!E6 -> 60.510171 | K66: K | L66: ='COMPOSIÇÃO HORA TÉCNICA'!F6 -> 143.35 | M66: =ROUND(D66*F66*L66,2) -> 1433.5 | O66: 174.33676 | T66: =M66/($M$16+$M$21+$M$27+$M$40+$M$59+$M$81+$M$93) -> 0.0023272652 | U66: =M66/$M$81 -> 0.0095556257
D67: 10 | E67: h | F67: 1 | G67: Advogado Sênior | H67: DNIT | I67: P8003 | J67: ='COMPOSIÇÃO HORA TÉCNICA'!E9 -> 54.21 | K67: K | L67: ='COMPOSIÇÃO HORA TÉCNICA'!F9 -> 128.42 | M67: =ROUND(D67*F67*L67,2) -> 1284.2 | O67: 156.17947 | T67: =M67/($M$16+$M$21+$M$27+$M$40+$M$59+$M$81+$M$93) -> 0.002084879 | U67: =M67/$M$81 -> 0.0085604008
C68: Trabalho Técnico Social | D68: 10 | E68: h | F68: 1 | G68: Técnico de Nível Superior | H68: URBEL | I68: 31.40.32 | J68: ='COMPOSIÇÃO HORA TÉCNICA'!E8 -> 31.83 | K68: K | L68: ='COMPOSIÇÃO HORA TÉCNICA'!$F$8 -> 75.41 | M68: =ROUND(D68*F68*L68,2) -> 754.1 | O68: 91.710745 | T68: =M68/($M$16+$M$21+$M$27+$M$40+$M$59+$M$81+$M$93) -> 0.0012242698 | U68: =M68/$M$40 -> 0.020736391
B69: Projeto de Parcelamento preliminar | C69: Elaboração do projeto de parcelamento preliminar e memorial descritivo da área a ser regularizada | D69: ='Proporção quantitativos'!E66 -> 20 | E69: h | F69: 1 | G69: Técnico de Nível Superior | H69: URBEL | I69: 31.40.32 | J69: ='COMPOSIÇÃO HORA TÉCNICA'!E8 -> 31.83 | K69: K | L69: ='COMPOSIÇÃO HORA TÉCNICA'!$F$8 -> 75.41 | M69: =ROUND(D69*F69*L69,2) -> 1508.2 | N69: =M69+M70 -> 10109.2 | O69: 183.42149 | P69: =O69+O70 -> 1229.4421 | Q69: =N69+P69 -> 11338.642 | R69: ='DESPESAS COMPLEMENTARES'!M144 -> 698.67 | S69: =ROUND(Q69+R69,2) -> 12037.31 | T69: =M69/($M$16+$M$21+$M$27+$M$40+$M$59+$M$81+$M$93) -> 0.0024485395 | U69: =M69/$M$81 -> 0.010053571
D70: 60 | E70: h | F70: 1 | G70: Arquiteto Júnior | H70: SINAPI | I70: 33939 | J70: ='COMPOSIÇÃO HORA TÉCNICA'!E6 -> 60.510171 | K70: K | L70: ='COMPOSIÇÃO HORA TÉCNICA'!F6 -> 143.35 | M70: =ROUND(D70*F70*L70,2) -> 8601 | O70: 1046.0206 | T70: =M70/($M$16+$M$21+$M$27+$M$40+$M$59+$M$81+$M$93) -> 0.013963591 | U70: =M70/$M$81 -> 0.057333754
B71: Listagem preliminar das unidades e beneficiários | C71: Elaboração da listagem preliminar das unidades e beneficiários | D71: 20 | E71: h | F71: 1 | G71: Advogado Sênior | H71: DNIT | I71: P8003 | J71: ='COMPOSIÇÃO HORA TÉCNICA'!E9 -> 54.21 | K71: K | L71: ='COMPOSIÇÃO HORA TÉCNICA'!F9 -> 128.42 | M71: =ROUND(D71*F71*L71,2) -> 2568.4 | N71: 2568.4 | O71: 312.35894 | P71: =O71 -> 312.35894 | Q71: =N71+P71 -> 2880.7589 | R71: ='DESPESAS COMPLEMENTARES'!M150 -> 376.71 | S71: =ROUND(Q71+R71,2) -> 3257.47 | T71: =M71/($M$16+$M$21+$M$27+$M$40+$M$59+$M$81+$M$93) -> 0.0041697579 | U71: =M71/$M$81 -> 0.017120802
B72: Relatório demonstrativo do Plantão de Conferência Documental e Parcelamento | C72: Plantão de Conferência Documental e Parcelamento | D72: 80 | E72: h | F72: 5 | G72: Técnico de Nível Superior | H72: URBEL | I72: 31.40.32 | J72: ='COMPOSIÇÃO HORA TÉCNICA'!E8 -> 31.83 | K72: K | L72: ='COMPOSIÇÃO HORA TÉCNICA'!$F$8 -> 75.41 | M72: =ROUND(D72*F72*L72,2) -> 30164 | N72: =M72+M73+M74 -> 63373.6 | O72: 3668.4298 | P72: =O72+O73+O74 -> 7707.2537 | Q72: =N72+P72 -> 71080.854 | R72: ='DESPESAS COMPLEMENTARES'!M152 -> 5130.3 | S72: =ROUND(Q72+R72,2) -> 76211.15 | T72: =M72/($M$16+$M$21+$M$27+$M$40+$M$59+$M$81+$M$93) -> 0.04897079 | U72: =M72/$M$81 -> 0.20107143
D73: 80 | E73: h | F73: 1 | G73: Advogado Sênior | H73: DNIT | I73: P8003 | J73: ='COMPOSIÇÃO HORA TÉCNICA'!E9 -> 54.21 | K73: K | L73: ='COMPOSIÇÃO HORA TÉCNICA'!F9 -> 128.42 | M73: =ROUND(D73*F73*L73,2) -> 10273.6 | O73: 1249.4358 | T73: =M73/($M$16+$M$21+$M$27+$M$40+$M$59+$M$81+$M$93) -> 0.016679032 | U73: =M73/$M$81 -> 0.068483207
D74: 80 | E74: h | F74: 2 | G74: Arquiteto Júnior | H74: SINAPI | I74: 33939 | J74: ='COMPOSIÇÃO HORA TÉCNICA'!E6 -> 60.510171 | K74: K | L74: ='COMPOSIÇÃO HORA TÉCNICA'!F6 -> 143.35 | M74: =ROUND(D74*F74*L74,2) -> 22936 | O74: 2789.3882 | T74: =M74/($M$16+$M$21+$M$27+$M$40+$M$59+$M$81+$M$93) -> 0.037236243 | U74: =M74/$M$81 -> 0.15289001
B75: Projeto de Regularização Fundiária | C75: Trabalho Técnico Social | D75: 10 | E75: h | F75: 1 | G75: Técnico de Nível Superior | H75: URBEL | I75: 31.40.32 | J75: ='COMPOSIÇÃO HORA TÉCNICA'!E8 -> 31.83 | K75: K | L75: ='COMPOSIÇÃO HORA TÉCNICA'!$F$8 -> 75.41 | M75: =ROUND(D75*F75*L75,2) -> 754.1 | N75: =M75+M76 -> 12222.1 | O75: 91.710745 | P75: =O75+O76 -> 1486.4048 | Q75: =N75+P75 -> 13708.505 | R75: ='DESPESAS COMPLEMENTARES'!M161 -> 1419.83 | S75: =ROUND(Q75+R75,2) -> 15128.33 | T75: =M75/($M$16+$M$21+$M$27+$M$40+$M$59+$M$81+$M$93) -> 0.0012242698 | U75: =M75/$M$40 -> 0.020736391
C76: Consolidação do Projeto de Regularização Fundiária - PRF | D76: 40 | E76: h | F76: 2 | G76: Arquiteto Júnior | H76: SINAPI | I76: 33939 | J76: ='COMPOSIÇÃO HORA TÉCNICA'!E6 -> 60.510171 | K76: K | L76: ='COMPOSIÇÃO HORA TÉCNICA'!F6 -> 143.35 | M76: =ROUND(D76*F76*L76,2) -> 11468 | O76: 1394.6941 | T76: =M76/($M$16+$M$21+$M$27+$M$40+$M$59+$M$81+$M$93) -> 0.018618122 | U76: =M76/$M$81 -> 0.076445006
B77: Relatório demonstrativo do Plantão Pré-Titulação | C77: Plantão Pré-Titulação | D77: 60 | E77: h | F77: 5 | G77: Técnico de Nível Superior | H77: URBEL | I77: 31.40.32 | J77: ='COMPOSIÇÃO HORA TÉCNICA'!E8 -> 31.83 | K77: K | L77: ='COMPOSIÇÃO HORA TÉCNICA'!$F$8 -> 75.41 | M77: =ROUND(D77*F77*L77,2) -> 22623 | N77: =M77+M78+M79 -> 47530.2 | O77: 2751.3223 | P77: =O77+O78+O79 -> 5780.4403 | Q77: =N77+P77 -> 53310.64 | R77: ='DESPESAS COMPLEMENTARES'!M171 -> 4628.33 | S77: =ROUND(Q77+R77,2) -> 57938.97 | T77: =M77/($M$16+$M$21+$M$27+$M$40+$M$59+$M$81+$M$93) -> 0.036728093 | U77: =M77/$M$81 -> 0.15080357
D78: 60 | E78: h | F78: 1 | G78: Advogado Sênior | H78: DNIT | I78: P8003 | J78: ='COMPOSIÇÃO HORA TÉCNICA'!E9 -> 54.21 | K78: K | L78: ='COMPOSIÇÃO HORA TÉCNICA'!F9 -> 128.42 | M78: =ROUND(D78*F78*L78,2) -> 7705.2 | O78: 937.07682 | T78: =M78/($M$16+$M$21+$M$27+$M$40+$M$59+$M$81+$M$93) -> 0.012509274 | U78: =M78/$M$81 -> 0.051362405
D79: 60 | E79: h | F79: 2 | G79: Arquiteto Júnior | H79: SINAPI | I79: 33939 | J79: ='COMPOSIÇÃO HORA TÉCNICA'!E6 -> 60.510171 | K79: K | L79: ='COMPOSIÇÃO HORA TÉCNICA'!$F$6 -> 143.35 | M79: =ROUND(D79*F79*L79,2) -> 17202 | O79: 2092.0411 | T79: =M79/($M$16+$M$21+$M$27+$M$40+$M$59+$M$81+$M$93) -> 0.027927183 | U79: =M79/$M$81 -> 0.11466751
B80: Banco de Dados Consolidado | C80: Consolidação do Banco de Dados | D80: 20 | E80: h | F80: 1 | G80: Técnico de Nível Superior | H80: URBEL | I80: 31.40.32 | J80: ='COMPOSIÇÃO HORA TÉCNICA'!E8 -> 31.83 | K80: K | L80: ='COMPOSIÇÃO HORA TÉCNICA'!$F$8 -> 75.41 | M80: =ROUND(D80*F80*L80,2) -> 1508.2 | N80: =M80 -> 1508.2 | O80: 183.42149 | P80: =O80 -> 183.42149 | Q80: =N80+P80 -> 1691.6215 | R80: ='DESPESAS COMPLEMENTARES'!M179 -> 675.57 | S80: =ROUND(Q80+R80,2) -> 2367.19 | T80: =M80/($M$16+$M$21+$M$27+$M$40+$M$59+$M$81+$M$93) -> 0.0024485395 | U80: =M80/$M$81 -> 0.010053571
M81: =SUM(M61:M80) -> 150016.34
A82: TITULAÇÃO | B82: Registro da CRF no Cartório de Registro de Imóveis | C82: Elaboração da CRF e protocolo no cartório de registro de imóveis | D82: 20 | E82: h | F82: 1 | G82: Advogado Sênior | H82: DNIT | I82: P8003 | J82: ='COMPOSIÇÃO HORA TÉCNICA'!E9 -> 54.21 | K82: K | L82: ='COMPOSIÇÃO HORA TÉCNICA'!F9 -> 128.42 | M82: =ROUND(D82*F82*L82,2) -> 2568.4 | N82: =M82+M83 -> 3322.5 | O82: 312.35894 | P82: =O82+O83 -> 404.06968 | Q82: =N82+P82 -> 3726.5697 | R82: ='DESPESAS COMPLEMENTARES'!M184 -> 1602.59 | S82: =ROUND(Q82+R82,2) -> 5329.16 | T82: =M82/($M$16+$M$21+$M$27+$M$40+$M$59+$M$81+$M$93) -> 0.0041697579 | U82: =M82/M93 -> 0.17401839
C83: Trabalho Técnico Social | D83: 10 | E83: h | F83: 1 | G83: Técnico de Nível Superior | H83: URBEL | I83: 31.40.32 | J83: ='COMPOSIÇÃO HORA TÉCNICA'!E8 -> 31.83 | K83: K | L83: ='COMPOSIÇÃO HORA TÉCNICA'!$F$8 -> 75.41 | M83: =ROUND(D83*F83*L83,2) -> 754.1 | O83: 91.710745 | T83: =M83/($M$16+$M$21+$M$27+$M$40+$M$59+$M$81+$M$93) -> 0.0012242698 | U83: =M83/M93 -> 0.051093001
B84: Certidões de registro dos títulos individualizados | C84: Resolução das pendências cartorárias | D84: 10 | E84: h | F84: 1 | G84: Arquiteto Júnior | H84: SINAPI | I84: 33939 | J84: ='COMPOSIÇÃO HORA TÉCNICA'!E6 -> 60.510171 | K84: K | L84: ='COMPOSIÇÃO HORA TÉCNICA'!$F$6 -> 143.35 | M84: =ROUND(D84*F84*L84,2) -> 1433.5 | N84: =SUM(M84:M87) -> 4980 | O84: 174.33676 | P84: =SUM(O84:O87) -> 605.64847 | Q84: =N84+P84 -> 5585.6485 | R84: ='DESPESAS COMPLEMENTARES'!M194 -> 1440.61 | S84: =ROUND(Q84+R84,2) -> 7026.26 | T84: =M84/($M$16+$M$21+$M$27+$M$40+$M$59+$M$81+$M$93) -> 0.0023272652 | U84: =M84/M93 -> 0.097124808
D85: 20 | E85: h | F85: 1 | G85: Técnico de Nível Superior | H85: URBEL | I85: 31.40.32 | J85: ='COMPOSIÇÃO HORA TÉCNICA'!E8 -> 31.83 | K85: K | L85: ='COMPOSIÇÃO HORA TÉCNICA'!$F$8 -> 75.41 | M85: =ROUND(D85*F85*L85,2) -> 1508.2 | O85: 183.42149 | T85: =M85/($M$16+$M$21+$M$27+$M$40+$M$59+$M$81+$M$93) -> 0.0024485395 | U85: =M85/M93 -> 0.102186
D86: 10 | E86: h | F86: 1 | G86: Advogado Sênior | H86: DNIT | I86: P8003 | J86: ='COMPOSIÇÃO HORA TÉCNICA'!E9 -> 54.21 | K86: K | L86: ='COMPOSIÇÃO HORA TÉCNICA'!F9 -> 128.42 | M86: =ROUND(D86*F86*L86,2) -> 1284.2 | O86: 156.17947 | T86: =M86/($M$16+$M$21+$M$27+$M$40+$M$59+$M$81+$M$93) -> 0.002084879 | U86: =M86/M93 -> 0.087009193
C87: Trabalho Técnico Social | D87: 10 | E87: h | F87: 1 | G87: Técnico de Nível Superior | H87: URBEL | I87: 31.40.32 | J87: ='COMPOSIÇÃO HORA TÉCNICA'!E8 -> 31.83 | K87: K | L87: ='COMPOSIÇÃO HORA TÉCNICA'!$F$8 -> 75.41 | M87: =ROUND(D87*F87*L87,2) -> 754.1 | O87: 91.710745 | T87: =M87/($M$16+$M$21+$M$27+$M$40+$M$59+$M$81+$M$93) -> 0.0012242698 | U87: =M87/M93 -> 0.051093001
B88: Documentos finais sistematizados | C88: Atualização do Banco de Dados | D88: 20 | E88: h | F88: 1 | G88: Técnico de Nível Superior | H88: URBEL | I88: 31.40.32 | J88: ='COMPOSIÇÃO HORA TÉCNICA'!E8 -> 31.83 | K88: K | L88: ='COMPOSIÇÃO HORA TÉCNICA'!$F$8 -> 75.41 | M88: =ROUND(D88*F88*L88,2) -> 1508.2 | N88: =M88+M89 -> 3016.4 | O88: 183.42149 | P88: =O88+O89 -> 366.84298 | Q88: =N88+P88 -> 3383.243 | R88: ='DESPESAS COMPLEMENTARES'!M204 -> 1035.71 | S88: =ROUND(Q88+R88,2) -> 4418.95 | T88: =M88/($M$16+$M$21+$M$27+$M$40+$M$59+$M$81+$M$93) -> 0.0024485395 | U88: =M88/M93 -> 0.102186
C89: Consolidação dos dossiês individuais por domicílio | D89: 20 | E89: h | F89: 1 | G89: Técnico de Nível Superior | H89: URBEL | I89: 31.40.32 | J89: ='COMPOSIÇÃO HORA TÉCNICA'!E8 -> 31.83 | K89: K | L89: ='COMPOSIÇÃO HORA TÉCNICA'!$F$8 -> 75.41 | M89: =ROUND(D89*F89*L89,2) -> 1508.2 | O89: 183.42149 | T89: =M89/($M$16+$M$21+$M$27+$M$40+$M$59+$M$81+$M$93) -> 0.0024485395 | U89: =M89/M93 -> 0.102186
B90: Relatório síntese do resultado das assembleias de entrega de títulos | C90: Assembleia de Encerramento e Titulação | D90: 6 | E90: h | F90: 4 | G90: Técnico de Nível Superior | H90: URBEL | I90: 31.40.32 | J90: ='COMPOSIÇÃO HORA TÉCNICA'!E8 -> 31.83 | K90: K | L90: ='COMPOSIÇÃO HORA TÉCNICA'!$F$8 -> 75.41 | M90: =ROUND(D90*F90*L90,2) -> 1809.84 | N90: =M90+M91+M92 -> 3440.46 | O90: 220.10579 | P90: =O90+O91+O92 -> 418.41553 | Q90: =N90+P90 -> 3858.8755 | R90: ='DESPESAS COMPLEMENTARES'!M209 -> 4212.77 | S90: =ROUND(Q90+R90,2) -> 8071.65 | T90: =M90/($M$16+$M$21+$M$27+$M$40+$M$59+$M$81+$M$93) -> 0.0029382474 | U90: =M90/M93 -> 0.1226232
D91: 6 | E91: h | F91: 1 | G91: Arquiteto Júnior | H91: SINAPI | I91: 33939 | J91: ='COMPOSIÇÃO HORA TÉCNICA'!E6 -> 60.510171 | K91: K | L91: ='COMPOSIÇÃO HORA TÉCNICA'!$F$6 -> 143.35 | M91: =ROUND(D91*F91*L91,2) -> 860.1 | O91: 104.60206 | T91: =M91/($M$16+$M$21+$M$27+$M$40+$M$59+$M$81+$M$93) -> 0.0013963591 | U91: =M91/M93 -> 0.058274885
D92: 6 | E92: h | F92: 1 | G92: Advogado Sênior | H92: DNIT | I92: P8003 | J92: ='COMPOSIÇÃO HORA TÉCNICA'!E9 -> 54.21 | K92: K | L92: ='COMPOSIÇÃO HORA TÉCNICA'!F9 -> 128.42 | M92: =ROUND(D92*F92*L92,2) -> 770.52 | O92: 93.707682 | T92: =M92/($M$16+$M$21+$M$27+$M$40+$M$59+$M$81+$M$93) -> 0.0012509274 | U92: =M92/M93 -> 0.052205516
M93: =SUM(M82:M92) -> 14759.36
A94: GERAL – COMUM ÀS ETAPAS 01 E 02
A95: COORDENAÇÃO GERAL | B95: Distribuído ao longo dos produtos | C95: Coordenação geral | D95: 480 | E95: h | F95: 1 | G95: Arquiteto Sênior | H95: SINAPI | I95: 33953 | J95: ='COMPOSIÇÃO HORA TÉCNICA'!E7 -> 65.856359 | K95: K | L95: ='COMPOSIÇÃO HORA TÉCNICA'!F7 -> 156.01 | M95: =ROUND(D95*F95*L95,2) -> 74884.8 | N95: - | O95: - | P95: - | Q95: - | R95: - | S95: Distribuído ao longo dos produtos
A96: POSTO DE APOIO NO LOCAL | B96: Medição bimestral separada dos produtos | C96: Atendimento por Técnico Social | D96: ='Proporção quantitativos'!E90 -> 0 | E96: h | F96: 1 | G96: Técnico de Nível Superior | H96: URBEL | I96: 31.40.32 | J96: ='COMPOSIÇÃO HORA TÉCNICA'!$D$8 -> - | K96: K | L96: ='COMPOSIÇÃO HORA TÉCNICA'!$F$8 -> 75.41 | M96: =ROUND(D96*F96*L96,2) -> 0 | N96: - | O96: - | P96: - | Q96: - | R96: - | S96: =M96 -> 0
B97: Medição bimestral separada dos produtos | C97: Locação de imóvel (incluídos impostos e taxas) | D97: ='Proporção quantitativos'!E91 -> 0 | E97: mês | F97: - | G97: - | H97: URBEL | I97: 31.40.53 | J97: 3556.9 | K97: TRDE | L97: 4366.73 | N97: - | O97: - | P97: - | Q97: - | R97: - | S97: =M97 -> 0
A98: SUBTOTAL S/ DESPESAS COMPLEMENTARES: | M98: =M16+M21+M27+M40+M59+M81+M93+M95 -> 690843.82 | O98: TOTAL C/ DESPESAS COMPLEMENTARES | S98: =SUM(S4:S97) -> 759063.51
L100: ='COMPOSIÇÃO HORA TÉCNICA'!C15 -> 1.2557078
A103: REFERÊNCIAS DE ORÇAMENTO:
...

Sheet COMPOSIÇÃO HORA TÉCNICA
B1: PLANO INTEGRADO DE URBANIZAÇÃO E REGULARIZAÇÃO FUNDIÁRIA IPÊ AMARELO, VILA ESPERANÇA E VILA ESTALEIRO ANEXO 4 - COMPOSIÇÃO DE PREÇO DE HORA TÉCNICA
B4: Profissional | C4: Fonte/ Código | D4: CUSTO TOTAL HORA | E4: CUSTO DIRETO MÃO DE OBRA* | F4: CUSTO HORA-TÉCNICA* | H4: Encargos e Tributos incidentes sobre os serviços | I4: %
B5: Engenheiro Intermediário (H) | C5: SUDECAP / 56.11.05 | D5: - | E5: 72.64 | F5: =ROUND(E5*$C$16,2) -> 172.09 | H5: ENCARGOS SOCIAIS | I5: 73.66
B6: Arquiteto Júnior (H) | C6: SINAPI / 33939 | D6: 131.18 | E6: =D6/2.1679 -> 60.510171 | F6: =ROUND(E6*$C$16,2) -> 143.35
B7: Arquiteto Sênior (H) | C7: SINAPI / 33953 | D7: 142.77 | E7: =D7/2.1679 -> 65.856359 | F7: =ROUND(E7*$C$16,2) -> 156.01 | H7: PIS | I7: 1.32
B8: TÉCNICO DE NÍVEL SUPERIOR SÊNIOR (H) | C8: URBEL / 31.40.32 | D8: - | E8: 31.83 | F8: =ROUND(E8*$C$16,2) -> 75.41 | H8: COFINS | I8: 6.08
B9: Advogado Sênior (H) | C9: DNIT / P8003 | D9: - | E9: 54.21 | F9: =ROUND(E9*$C$16,2) -> 128.42 | H9: ISS | I9: 5
B13: Parâmetros adotados | D13: Identificação
B14: DD | C14: 0 | D14: Despesas diretas
B15: TRDE* (1+k3)(1+k4) | C15: =(1+C19/100)*(1+C20/100) -> 1.2557078 | D15: Taxa de ressarcimento de despesas e encargos
B16: K* (1+k1+k2)(1+k3)(1+k4) | C16: =((1+C17/100+C18/100)*(1+C19/100)*(1+C20/100)) -> 2.3690183 | D16: FATOR K
B17: K1 | C17: =I5 -> 73.66 | D17: Encargos sociais incidentes sobre a mão de obra
B18: K2 | C18: 15 | D18: Administração central da empresa de consultoria (ou overhead)
B19: K3 | C19: 10 | D19: Remuneração bruta da empresa de consultoria
B20: K4* 1/(1-I) | C20: =((1/(1-SUM(I7:I9)/100))-1)*100 -> 14.155251 | D20: Fator relativo aos tributos incidentes sobre o preço de venda

Sheet DESPESAS COMPLEMENTARES
A1: PLANO INTEGRADO DE URBANIZAÇÃO E REGULARIZAÇÃO FUNDIÁRIA IPÊ AMARELO, VILA ESPERANÇA E VILA ESTALEIRO ANEXO 1.3.1 - DESPESAS COMPLEMENTARES: IPÊ AMARELO
A2: FASE | B2: PRODUTO | C2: TIPO | D2: ITEM | E2: QUANTIDADE | F2: UNIDADE | G2: REFERÊNCIA | H2: CÓDIGO | I2: CUSTO UNITÁRIO | J2: FATOR DE PREÇO | K2: CUSTO UNITÁRIO C/ FATOR DE PREÇO | L2: CUSTO TOTAL POR ITEM | M2: CUSTO TOTAL DO PRODUTO | N2: percentual do contrato | O2: percentual da etapa
A3: LEVANTAMENTO SITUACIONAL E PESQUISA DOMINIAL | B3: Relatório de Levantamento Situacional | C3: PEÇAS GRÁFICAS | D3: Xerox preto/branco - Formato A4 | E3: 300 | F3: unidades | G3: SUDECAP | H3: 94.07.01 | I3: =I225 -> 0.5 | J3: TRDE | K3: =I3*'COMPOSIÇÃO HORA TÉCNICA'!$C$15 -> 0.62785388 | L3: =ROUND(E3*K3,2) -> 188.36 | M3: =SUM(L3:L15) -> 5126.33 | N3: ='MEMÓRIA DE CÁLCULO'!#REF! -> #REF! | O3: ='MEMÓRIA DE CÁLCULO'!#REF! -> #REF!
D4: Plotagem colorida sulfite - Formato A4 | E4: 500 | F4: unidades | G4: SUDECAP | H4: 94.15.01 | I4: =I226 -> 2 | J4: TRDE | K4: =I4*'COMPOSIÇÃO HORA TÉCNICA'!$C$15 -> 2.5114155 | L4: =ROUND(E4*K4,2) -> 1255.71
D5: Plotagem colorida sulfite - Formato A2 | E5: 8 | F5: unidades | G5: SUDECAP | H5: 94.15.03 | I5: =I227 -> 9.5 | J5: TRDE | K5: =I5*'COMPOSIÇÃO HORA TÉCNICA'!$C$15 -> 11.929224 | L5: =ROUND(E5*K5,2) -> 95.43
D6: Plotagem colorida sulfite - Formato A1 | E6: 2 | F6: unidades | G6: SUDECAP | H6: 94.15.04 | I6: =I228 -> 12 | J6: TRDE | K6: =I6*'COMPOSIÇÃO HORA TÉCNICA'!$C$15 -> 15.068493 | L6: =ROUND(E6*K6,2) -> 30.14
D7: Papel couchê fosco 120 gramas 210 X 297 pacote 75 folhas | E7: 2 | F7: unidades | G7: URBEL | H7: 71.20.98 | I7: =I230 -> 24.97 | J7: TRDE | K7: =I7*'COMPOSIÇÃO HORA TÉCNICA'!$C$15 -> 31.355023 | L7: =ROUND(E7*K7,2) -> 62.71
D8: Pasta argola | E8: 2 | F8: unidades | G8: PESQUISA DE PREÇO | H8: - | I8: =I232 -> 31.4 | J8: TRDE | K8: =I8*'COMPOSIÇÃO HORA TÉCNICA'!$C$15 -> 39.429224 | L8: =ROUND(E8*K8,2) -> 78.86
C9: TRABALHO TÉCNICO SOCIAL | D9: Caneta esferográfica azul 1mm cx 50 unid | E9: 1 | F9: unidades | G9: URBEL | H9: 71.19.47 | I9: =I218 -> 49.73 | J9: TRDE | K9: =I9*'COMPOSIÇÃO HORA TÉCNICA'!$C$15 -> 62.446347 | L9: =ROUND(E9*K9,2) -> 62.45
D10: Banner em lona 1,0x1,2m | E10: 2 | F10: unidades | G10: URBEL | H10: 71.06.01 | I10: =I219 -> 95.23 | J10: TRDE | K10: =I10*'COMPOSIÇÃO HORA TÉCNICA'!$C$15 -> 119.58105 | L10: =ROUND(E10*K10,2) -> 239.16
D11: Locação de mesa de plástico polipropileno - 04 lugares | E11: 8 | F11: unidades | G11: URBEL | H11: 71.21.72 | I11: =I221 -> 7.41 | J11: TRDE | K11: =I11*'COMPOSIÇÃO HORA TÉCNICA'!$C$15 -> 9.3047945 | L11: =ROUND(E11*K11,2) -> 74.44
D12: Locação de cadeira de plástico em polipropileno, sem braços | E12: 300 | F12: unidades | G12: URBEL | H12: 71.21.71 | I12: =I222 -> 3.07 | J12: TRDE | K12: =I12*'COMPOSIÇÃO HORA TÉCNICA'!$C$15 -> 3.8550228 | L12: =ROUND(E12*K12,2) -> 1156.51
C13: INFORMÁTICA | D13: HD externo 1TB USB portátil | E13: 1 | F13: unidade | G13: URBEL | H13: 31.42.99 | I13: =I234 -> 518.33 | J13: TRDE | K13: =I13*'COMPOSIÇÃO HORA TÉCNICA'!$C$15 -> 650.871 | L13: =ROUND(E13*K13,2) -> 650.87
C14: LOGÍSTICA | D14: Locação veículo popular motor 1.0 c/ ar e seguro | E14: 0.3 | F14: mês | G14: SUDECAP | H14: 50.40.06 | I14: =I236 -> 2441.57 | J14: TRDE | K14: =I14*'COMPOSIÇÃO HORA TÉCNICA'!$C$15 -> 3065.8984 | L14: =ROUND(E14*K14,2) -> 919.77
D15: Gasolina comum | E15: 40 | F15: litros | G15: SINAPI | H15: 4222 | I15: =I237 -> 6.21 | J15: TRDE | K15: =I15*'COMPOSIÇÃO HORA TÉCNICA'!$C$15 -> 7.7979452 | L15: =ROUND(E15*K15,2) -> 311.92
B16: Plano de Mobilização, Organização e Capacitação Social | C16: PEÇAS GRÁFICAS | D16: Xerox preto/branco - Formato A4 | E16: 200 | F16: unidades | G16: SUDECAP | H16: 94.07.01 | I16: =I225 -> 0.5 | J16: TRDE | K16: =I16*'COMPOSIÇÃO HORA TÉCNICA'!$C$15 -> 0.62785388 | L16: =ROUND(E16*K16,2) -> 125.57 | M16: =SUM(L16:L25) -> 1797.51 | N16: ='MEMÓRIA DE CÁLCULO'!#REF! -> #REF! | O16: ='MEMÓRIA DE CÁLCULO'!#REF! -> #REF!
D17: Plotagem colorida sulfite - Formato A4 | E17: 100 | F17: unidades | G17: SUDECAP | H17: 94.15.01 | I17: =I226 -> 2 | J17: TRDE | K17: =I17*'COMPOSIÇÃO HORA TÉCNICA'!$C$15 -> 2.5114155 | L17: =ROUND(E17*K17,2) -> 251.14
D18: Plotagem colorida sulfite - Formato A2 | E18: 2 | F18: unidades | G18: SUDECAP | H18: 94.15.03 | I18: =I227 -> 9.5 | J18: TRDE | K18: =I18*'COMPOSIÇÃO HORA TÉCNICA'!$C$15 -> 11.929224 | L18: =ROUND(E18*K18,2) -> 23.86
D19: Papel couchê fosco 120 gramas 210 X 297 pacote 75 folhas | E19: 2 | F19: unidades | G19: URBEL | H19: 71.20.98 | I19: =I230 -> 24.97 | J19: TRDE | K19: =I19*'COMPOSIÇÃO HORA TÉCNICA'!$C$15 -> 31.355023 | L19: =ROUND(E19*K19,2) -> 62.71
D20: Pasta argola | E20: 1 | F20: unidades | G20: PESQUISA DE PREÇO | H20: - | I20: =I232 -> 31.4 | J20: TRDE | K20: =I20*'COMPOSIÇÃO HORA TÉCNICA'!$C$15 -> 39.429224 | L20: =ROUND(E20*K20,2) -> 39.43
C21: TRABALHO TÉCNICO SOCIAL | D21: Camiseta em malha | E21: 20 | F21: unidades | G21: URBEL | H21: 71.21.59 | I21: =I216 -> 26.35 | J21: TRDE | K21: =I21*'COMPOSIÇÃO HORA TÉCNICA'!$C$15 -> 33.0879 | L21: =ROUND(E21*K21,2) -> 661.76
D22: Pasta de plástico com elástico | E22: 20 | F22: unidades | G22: URBEL | H22: 71.19.28 | I22: =I217 -> 4.02 | J22: TRDE | K22: =I22*'COMPOSIÇÃO HORA TÉCNICA'!$C$15 -> 5.0479452 | L22: =ROUND(E22*K22,2) -> 100.96
D23: Caneta esferográfica azul 1mm cx 50 unid | E23: 1 | F23: unidades | G23: URBEL | H23: 71.19.47 | I23: =I218 -> 49.73 | J23: TRDE | K23: =I23*'COMPOSIÇÃO HORA TÉCNICA'!$C$15 -> 62.446347 | L23: =ROUND(E23*K23,2) -> 62.45
D24: Locação de cadeira de plástico em polipropileno, sem braços | E24: 40 | F24: unidades | G24: URBEL | H24: 71.21.71 | I24: =I222 -> 3.07 | J24: TRDE | K24: =I24*'COMPOSIÇÃO HORA TÉCNICA'!$C$15 -> 3.8550228 | L24: =ROUND(E24*K24,2) -> 154.2
D25: Lanche | E25: 40 | F25: unidades | G25: URBEL | H25: 71.06.13 | I25: =I223 -> 6.28 | J25: TRDE | K25: =I25*'COMPOSIÇÃO HORA TÉCNICA'!$C$15 -> 7.8858447 | L25: =ROUND(E25*K25,2) -> 315.43
B26: Relatório de Pesquisa Dominial e Cartorária | C26: PEÇAS GRÁFICAS | D26: Xerox preto/branco - Formato A4 | E26: 200 | F26: unidades | G26: SUDECAP | H26: 94.07.01 | I26: =I225 -> 0.5 | J26: TRDE | K26: =I26*'COMPOSIÇÃO HORA TÉCNICA'!$C$15 -> 0.62785388 | L26: =ROUND(E26*K26,2) -> 125.57 | M26: =SUM(L26:L32) -> 941.42 | N26: ='MEMÓRIA DE CÁLCULO'!#REF! -> #REF! | O26: ='MEMÓRIA DE CÁLCULO'!#REF! -> #REF!
D27: Plotagem colorida sulfite - Formato A4 | E27: 100 | F27: unidades | G27: SUDECAP | H27: 94.15.01 | I27: =I226 -> 2 | J27: TRDE | K27: =I27*'COMPOSIÇÃO HORA TÉCNICA'!$C$15 -> 2.5114155 | L27: =ROUND(E27*K27,2) -> 251.14
D28: Plotagem colorida sulfite - Formato A2 | E28: 6 | F28: unidades | G28: SUDECAP | H28: 94.15.03 | I28: =I227 -> 9.5 | J28: TRDE | K28: =I28*'COMPOSIÇÃO HORA TÉCNICA'!$C$15 -> 11.929224 | L28: =ROUND(E28*K28,2) -> 71.58
D29: Plotagem colorida sulfite - Formato A1 | E29: 2 | F29: unidades | G29: SUDECAP | H29: 94.15.04 | I29: =I228 -> 12 | J29: TRDE | K29: =I29*'COMPOSIÇÃO HORA TÉCNICA'!$C$15 -> 15.068493 | L29: =ROUND(E29*K29,2) -> 30.14
D30: Pasta argola | E30: 1 | F30: unidades | G30: PESQUISA DE PREÇO | H30: - | I30: =I232 -> 31.4 | J30: TRDE | K30: =I30*'COMPOSIÇÃO HORA TÉCNICA'!$C$15 -> 39.429224 | L30: =ROUND(E30*K30,2) -> 39.43
C31: LOGÍSTICA | D31: Locação veículo popular motor 1.0 c/ ar e seguro | E31: 0.1 | F31: mês | G31: SUDECAP | H31: 50.40.06 | I31: =I236 -> 2441.57 | J31: TRDE | K31: =I31*'COMPOSIÇÃO HORA TÉCNICA'!$C$15 -> 3065.8984 | L31: =ROUND(E31*K31,2) -> 306.59
D32: Gasolina comum | E32: 15 | F32: litros | G32: SINAPI | H32: 4222 | I32: =I237 -> 6.21 | J32: TRDE | K32: =I32*'COMPOSIÇÃO HORA TÉCNICA'!$C$15 -> 7.7979452 | L32: =ROUND(E32*K32,2) -> 116.97
A35: ATUALIZAÇÃO DA BASE CARTOGRÁFICA | B35: Levantamento Planialtimétrico Cadastral | C35: PEÇAS GRÁFICAS | D35: Xerox preto/branco - Formato A4 | E35: 200 | F35: unidades | G35: SUDECAP | H35: 94.07.01 | I35: =I225 -> 0.5 | J35: TRDE | K35: =I35*'COMPOSIÇÃO HORA TÉCNICA'!$C$15 -> 0.62785388 | L35: =ROUND(E35*K35,2) -> 125.57 | M35: =SUM(L35:L44) -> 13584.89
D36: Plotagem colorida sulfite - Formato A4 | E36: 100 | F36: unidades | G36: SUDECAP | H36: 94.15.01 | I36: =I226 -> 2 | J36: TRDE | K36: =I36*'COMPOSIÇÃO HORA TÉCNICA'!$C$15 -> 2.5114155 | L36: =ROUND(E36*K36,2) -> 251.14
D37: Plotagem colorida sulfite - Formato A2 | E37: 20 | F37: unidades | G37: SUDECAP | H37: 94.15.03 | I37: =I227 -> 9.5 | J37: TRDE | K37: =I37*'COMPOSIÇÃO HORA TÉCNICA'!$C$15 -> 11.929224 | L37: =ROUND(E37*K37,2) -> 238.58
D38: Plotagem colorida sulfite - Formato A1 | E38: 20 | F38: unidades | G38: SUDECAP | H38: 94.15.04 | I38: =I228 -> 12 | J38: TRDE | K38: =I38*'COMPOSIÇÃO HORA TÉCNICA'!$C$15 -> 15.068493 | L38: =ROUND(E38*K38,2) -> 301.37
D39: Plotagem colorida sulfite - Formato A1 (estendido) | E39: 2 | F39: unidades | G39: SUDECAP | H39: 94.15.07 | I39: =I229 -> 15 | J39: TRDE | K39: =I39*'COMPOSIÇÃO HORA TÉCNICA'!$C$15 -> 18.835616 | L39: =ROUND(E39*K39,2) -> 37.67
D40: Pasta argola | E40: 2 | F40: unidades | G40: PESQUISA DE PREÇO | H40: - | I40: =I232 -> 31.4 | J40: TRDE | K40: =I40*'COMPOSIÇÃO HORA TÉCNICA'!$C$15 -> 39.429224 | L40: =ROUND(E40*K40,2) -> 78.86
C41: TRABALHO TÉCNICO SOCIAL | D41: Locação de cadeira de plástico em polipropileno, sem braços | E41: 20 | F41: unidades | G41: URBEL | H41: 71.21.71 | I41: =I222 -> 3.07 | J41: TRDE | K41: =I41*'COMPOSIÇÃO HORA TÉCNICA'!$C$15 -> 3.8550228 | L41: =ROUND(E41*K41,2) -> 77.1
D42: Lanche | E42: 20 | F42: unidades | G42: URBEL | H42: 71.06.13 | I42: =I223 -> 6.28 | J42: TRDE | K42: =I42*'COMPOSIÇÃO HORA TÉCNICA'!$C$15 -> 7.8858447 | L42: =ROUND(E42*K42,2) -> 157.72
C43: LOGÍSTICA | D43: Locação veículo popular motor 1.0 c/ ar e seguro | E43: 3 | F43: mês | G43: SUDECAP | H43: 50.40.06 | I43: =I236 -> 2441.57 | J43: TRDE | K43: =I43*'COMPOSIÇÃO HORA TÉCNICA'!$C$15 -> 3065.8984 | L43: =ROUND(E43*K43,2) -> 9197.7
D44: Gasolina comum | E44: 400 | F44: litros | G44: SINAPI | H44: 4222 | I44: =I237 -> 6.21 | J44: TRDE | K44: =I44*'COMPOSIÇÃO HORA TÉCNICA'!$C$15 -> 7.7979452 | L44: =ROUND(E44*K44,2) -> 3119.18
B45: Base Cartográfica Atualizada | C45: PEÇAS GRÁFICAS | D45: Xerox preto/branco - Formato A4 | E45: 200 | F45: unidades | G45: SUDECAP | H45: 94.07.01 | I45: =I225 -> 0.5 | J45: TRDE | K45: =I45*'COMPOSIÇÃO HORA TÉCNICA'!$C$15 -> 0.62785388 | L45: =ROUND(E45*K45,2) -> 125.57 | M45: =SUM(L45:L52) -> 944.04
D46: Plotagem colorida sulfite - Formato A4 | E46: 100 | F46: unidades | G46: SUDECAP | H46: 94.15.01 | I46: =I226 -> 2 | J46: TRDE | K46: =I46*'COMPOSIÇÃO HORA TÉCNICA'!$C$15 -> 2.5114155 | L46: =ROUND(E46*K46,2) -> 251.14
D47: Plotagem colorida sulfite - Formato A2 | E47: 8 | F47: unidades | G47: SUDECAP | H47: 94.15.03 | I47: =I227 -> 9.5 | J47: TRDE | K47: =I47*'COMPOSIÇÃO HORA TÉCNICA'!$C$15 -> 11.929224 | L47: =ROUND(E47*K47,2) -> 95.43
D48: Plotagem colorida sulfite - Formato A1 | E48: 8 | F48: unidades | G48: SUDECAP | H48: 94.15.04 | I48: =I228 -> 12 | J48: TRDE | K48: =I48*'COMPOSIÇÃO HORA TÉCNICA'!$C$15 -> 15.068493 | L48: =ROUND(E48*K48,2) -> 120.55
D49: Plotagem colorida sulfite - Formato A1 (estendido) | E49: 2 | F49: unidades | G49: SUDECAP | H49: 94.15.07 | I49: =I229 -> 15 | J49: TRDE | K49: =I49*'COMPOSIÇÃO HORA TÉCNICA'!$C$15 -> 18.835616 | L49: =ROUND(E49*K49,2) -> 37.67
D50: Pasta argola | E50: 2 | F50: unidades | G50: PESQUISA DE PREÇO | H50: - | I50: =I232 -> 31.4 | J50: TRDE | K50: =I50*'COMPOSIÇÃO HORA TÉCNICA'!$C$15 -> 39.429224 | L50: =ROUND(E50*K50,2) -> 78.86
C51: TRABALHO TÉCNICO SOCIAL | D51: Locação de cadeira de plástico em polipropileno, sem braços | E51: 20 | F51: unidades | G51: URBEL | H51: 71.21.71 | I51: =I222 -> 3.07 | J51: TRDE | K51: =I51*'COMPOSIÇÃO HORA TÉCNICA'!$C$15 -> 3.8550228 | L51: =ROUND(E51*K51,2) -> 77.1
D52: Lanche | E52: 20 | F52: unidades | G52: URBEL | H52: 71.06.13 | I52: =I223 -> 6.28 | J52: TRDE | K52: =I52*'COMPOSIÇÃO HORA TÉCNICA'!$C$15 -> 7.8858447 | L52: =ROUND(E52*K52,2) -> 157.72
A55: SELAGEM E CADASTRO SOCIOECONÔMICO E FUNDIÁRIO | B55: Relatório da fase de Selagem e Cadastro Socioeconômico e Fundiário, incluindo como anexo o arquivo digital do Banco de Dados Preliminar e os prontuários separados por selo | C55: PEÇAS GRÁFICAS | D55: Xerox preto/branco - Formato A4 | E55: 1200 | F55: unidades | G55: SUDECAP | H55: 94.07.01 | I55: =I225 -> 0.5 | J55: TRDE | K55: =I55*'COMPOSIÇÃO HORA TÉCNICA'!$C$15 -> 0.62785388 | L55: =ROUND(E55*K55,2) -> 753.42 | M55: =SUM(L55:L65) -> 10651.32
D56: Plotagem colorida sulfite - Formato A4 | E56: 300 | F56: unidades | G56: SUDECAP | H56: 94.15.01 | I56: =I226 -> 2 | J56: TRDE | K56: =I56*'COMPOSIÇÃO HORA TÉCNICA'!$C$15 -> 2.5114155 | L56: =ROUND(E56*K56,2) -> 753.42
D57: Plotagem colorida sulfite - Formato A2 | E57: 8 | F57: unidades | G57: SUDECAP | H57: 94.15.03 | I57: =I227 -> 9.5 | J57: TRDE | K57: =I57*'COMPOSIÇÃO HORA TÉCNICA'!$C$15 -> 11.929224 | L57: =ROUND(E57*K57,2) -> 95.43
D58: Plotagem colorida sulfite - Formato A1 | E58: 6 | F58: unidades | G58: SUDECAP | H58: 94.15.04 | I58: =I228 -> 12 | J58: TRDE | K58: =I58*'COMPOSIÇÃO HORA TÉCNICA'!$C$15 -> 15.068493 | L58: =ROUND(E58*K58,2) -> 90.41
D59: Plotagem colorida sulfite - Formato A1 (estendido) | E59: 2 | F59: unidades | G59: SUDECAP | H59: 94.15.07 | I59: =I229 -> 15 | J59: TRDE | K59: =I59*'COMPOSIÇÃO HORA TÉCNICA'!$C$15 -> 18.835616 | L59: =ROUND(E59*K59,2) -> 37.67
D60: Etiqueta adesiva A4, cx com 100 folhas | E60: 2 | F60: unidades | G60: URBEL | H60: 31.43.45 | I60: =I231 -> 84.54 | J60: TRDE | K60: =I60*'COMPOSIÇÃO HORA TÉCNICA'!$C$15 -> 106.15753 | L60: =ROUND(E60*K60,2) -> 212.32
D61: Pasta argola | E61: 6 | F61: unidades | G61: PESQUISA DE PREÇO | H61: - | I61: =I232 -> 31.4 | J61: TRDE | K61: =I61*'COMPOSIÇÃO HORA TÉCNICA'!$C$15 -> 39.429224 | L61: =ROUND(E61*K61,2) -> 236.58
C62: TRABALHO TÉCNICO SOCIAL | D62: Locação de cadeira de plástico em polipropileno, sem braços | E62: 20 | F62: unidades | G62: URBEL | H62: 71.21.71 | I62: =I222 -> 3.07 | J62: TRDE | K62: =I62*'COMPOSIÇÃO HORA TÉCNICA'!$C$15 -> 3.8550228 | L62: =ROUND(E62*K62,2) -> 77.1
D63: Lanche | E63: 20 | F63: unidades | G63: URBEL | H63: 71.06.13 | I63: =I223 -> 6.28 | J63: TRDE | K63: =I63*'COMPOSIÇÃO HORA TÉCNICA'!$C$15 -> 7.8858447 | L63: =ROUND(E63*K63,2) -> 157.72
C64: LOGÍSTICA | D64: Locação veículo popular motor 1.0 c/ ar e seguro | E64: 2 | F64: mês | G64: SUDECAP | H64: 50.40.06 | I64: =I236 -> 2441.57 | J64: TRDE | K64: =I64*'COMPOSIÇÃO HORA TÉCNICA'!$C$15 -> 3065.8984 | L64: =ROUND(E64*K64,2) -> 6131.8
D65: Gasolina comum | E65: 270 | F65: litros | G65: SINAPI | H65: 4222 | I65: =I237 -> 6.21 | J65: TRDE | K65: =I65*'COMPOSIÇÃO HORA TÉCNICA'!$C$15 -> 7.7979452 | L65: =ROUND(E65*K65,2) -> 2105.45
A68: DIAGNÓSTICO | B68: Diagnóstico Setorial Jurídico | C68: PEÇAS GRÁFICAS | D68: Xerox preto/branco - Formato A4 | E68: 200 | F68: unidades | G68: SUDECAP | H68: 94.07.01 | I68: =I225 -> 0.5 | J68: TRDE | K68: =I68*'COMPOSIÇÃO HORA TÉCNICA'!$C$15 -> 0.62785388 | L68: =ROUND(E68*K68,2) -> 125.57 | M68: =SUM(L68:L72) -> 524.13
D69: Plotagem colorida sulfite - Formato A4 | E69: 100 | F69: unidades | G69: SUDECAP | H69: 94.15.01 | I69: =I226 -> 2 | J69: TRDE | K69: =I69*'COMPOSIÇÃO HORA TÉCNICA'!$C$15 -> 2.5114155 | L69: =ROUND(E69*K69,2) -> 251.14
D70: Plotagem colorida sulfite - Formato A2 | E70: 4 | F70: unidades | G70: SUDECAP | H70: 94.15.03 | I70: =I227 -> 9.5 | J70: TRDE | K70: =I70*'COMPOSIÇÃO HORA TÉCNICA'!$C$15 -> 11.929224 | L70: =ROUND(E70*K70,2) -> 47.72
D71: Plotagem colorida sulfite - Formato A1 | E71: 4 | F71: unidades | G71: SUDECAP | H71: 94.15.04 | I71: =I228 -> 12 | J71: TRDE | K71: =I71*'COMPOSIÇÃO HORA TÉCNICA'!$C$15 -> 15.068493 | L71: =ROUND(E71*K71,2) -> 60.27
D72: Pasta argola | E72: 1 | F72: unidades | G72: PESQUISA DE PREÇO | H72: - | I72: =I232 -> 31.4 | J72: TRDE | K72: =I72*'COMPOSIÇÃO HORA TÉCNICA'!$C$15 -> 39.429224 | L72: =ROUND(E72*K72,2) -> 39.43
B73: Diagnóstico Setorial dos Aspectos Físico-Urbano-Ambientais | C73: PEÇAS GRÁFICAS | D73: Xerox preto/branco - Formato A4 | E73: 300 | F73: unidades | G73: SUDECAP | H73: 94.07.01 | I73: =I225 -> 0.5 | J73: TRDE | K73: =I73*'COMPOSIÇÃO HORA TÉCNICA'!$C$15 -> 0.62785388 | L73: =ROUND(E73*K73,2) -> 188.36 | M73: =SUM(L73:L80) -> 3451.35
D74: Plotagem colorida sulfite - Formato A4 | E74: 300 | F74: unidades | G74: SUDECAP | H74: 94.15.01 | I74: =I226 -> 2 | J74: TRDE | K74: =I74*'COMPOSIÇÃO HORA TÉCNICA'!$C$15 -> 2.5114155 | L74: =ROUND(E74*K74,2) -> 753.42
D75: Plotagem colorida sulfite - Formato A2 | E75: 40 | F75: unidades | G75: SUDECAP | H75: 94.15.03 | I75: =I227 -> 9.5 | J75: TRDE | K75: =I75*'COMPOSIÇÃO HORA TÉCNICA'!$C$15 -> 11.929224 | L75: =ROUND(E75*K75,2) -> 477.17
D76: Plotagem colorida sulfite - Formato A1 | E76: 20 | F76: unidades | G76: SUDECAP | H76: 94.15.04 | I76: =I228 -> 12 | J76: TRDE | K76: =I76*'COMPOSIÇÃO HORA TÉCNICA'!$C$15 -> 15.068493 | L76: =ROUND(E76*K76,2) -> 301.37
D77: Plotagem colorida sulfite - Formato A1 (estendido) | E77: 4 | F77: unidades | G77: SUDECAP | H77: 94.15.07 | I77: =I229 -> 15 | J77: TRDE | K77: =I77*'COMPOSIÇÃO HORA TÉCNICA'!$C$15 -> 18.835616 | L77: =ROUND(E77*K77,2) -> 75.34
D78: Pasta argola | E78: 1 | F78: unidades | G78: PESQUISA DE PREÇO | H78: - | I78: =I232 -> 31.4 | J78: TRDE | K78: =I78*'COMPOSIÇÃO HORA TÉCNICA'!$C$15 -> 39.429224 | L78: =ROUND(E78*K78,2) -> 39.43
C79: LOGÍSTICA | D79: Locação veículo popular motor 1.0 c/ ar e seguro | E79: 0.4 | F79: mês | G79: SUDECAP | H79: 50.40.06 | I79: =I236 -> 2441.57 | J79: TRDE | K79: =I79*'COMPOSIÇÃO HORA TÉCNICA'!$C$15 -> 3065.8984 | L79: =ROUND(E79*K79,2) -> 1226.36
D80: Gasolina comum | E80: 50 | F80: litros | G80: SINAPI | H80: 4222 | I80: =I237 -> 6.21 | J80: TRDE | K80: =I80*'COMPOSIÇÃO HORA TÉCNICA'!$C$15 -> 7.7979452 | L80: =ROUND(E80*K80,2) -> 389.9
B81: Diagnóstico Setorial dos Aspectos Socioeconômico Organizativos | C81: PEÇAS GRÁFICAS | D81: Xerox preto/branco - Formato A4 | E81: 200 | F81: unidades | G81: SUDECAP | H81: 94.07.01 | I81: =I225 -> 0.5 | J81: TRDE | K81: =I81*'COMPOSIÇÃO HORA TÉCNICA'!$C$15 -> 0.62785388 | L81: =ROUND(E81*K81,2) -> 125.57 | M81: =SUM(L81:L86) -> 746.39
D82: Plotagem colorida sulfite - Formato A4 | E82: 100 | F82: unidades | G82: SUDECAP | H82: 94.15.01 | I82: =I226 -> 2 | J82: TRDE | K82: =I82*'COMPOSIÇÃO HORA TÉCNICA'!$C$15 -> 2.5114155 | L82: =ROUND(E82*K82,2) -> 251.14
D83: Plotagem colorida sulfite - Formato A2 | E83: 8 | F83: unidades | G83: SUDECAP | H83: 94.15.03 | I83: =I227 -> 9.5 | J83: TRDE | K83: =I83*'COMPOSIÇÃO HORA TÉCNICA'!$C$15 -> 11.929224 | L83: =ROUND(E83*K83,2) -> 95.43
D84: Pasta argola | E84: 1 | F84: unidades | G84: PESQUISA DE PREÇO | H84: - | I84: =I232 -> 31.4 | J84: TRDE | K84: =I84*'COMPOSIÇÃO HORA TÉCNICA'!$C$15 -> 39.429224 | L84: =ROUND(E84*K84,2) -> 39.43
C85: TRABALHO TÉCNICO SOCIAL | D85: Locação de cadeira de plástico em polipropileno, sem braços | E85: 20 | F85: unidades | G85: URBEL | H85: 71.21.71 | I85: =I222 -> 3.07 | J85: TRDE | K85: =I85*'COMPOSIÇÃO HORA TÉCNICA'!$C$15 -> 3.8550228 | L85: =ROUND(E85*K85,2) -> 77.1
D86: Lanche | E86: 20 | F86: unidades | G86: URBEL | H86: 71.06.13 | I86: =I223 -> 6.28 | J86: TRDE | K86: =I86*'COMPOSIÇÃO HORA TÉCNICA'!$C$15 -> 7.8858447 | L86: =ROUND(E86*K86,2) -> 157.72
B87: Diagnóstico Integrado | C87: PEÇAS GRÁFICAS | D87: Xerox preto/branco - Formato A4 | E87: 100 | F87: unidades | G87: SUDECAP | H87: 94.07.01 | I87: =I225 -> 0.5 | J87: TRDE | K87: =I87*'COMPOSIÇÃO HORA TÉCNICA'!$C$15 -> 0.62785388 | L87: =ROUND(E87*K87,2) -> 62.79 | M87: =SUM(L87:L94) -> 879.5
D88: Plotagem colorida sulfite - Formato A4 | E88: 100 | F88: unidades | G88: SUDECAP | H88: 94.15.01 | I88: =I226 -> 2 | J88: TRDE | K88: =I88*'COMPOSIÇÃO HORA TÉCNICA'!$C$15 -> 2.5114155 | L88: =ROUND(E88*K88,2) -> 251.14
D89: Plotagem colorida sulfite - Formato A2 | E89: 8 | F89: unidades | G89: SUDECAP | H89: 94.15.03 | I89: =I227 -> 9.5 | J89: TRDE | K89: =I89*'COMPOSIÇÃO HORA TÉCNICA'!$C$15 -> 11.929224 | L89: =ROUND(E89*K89,2) -> 95.43
D90: Plotagem colorida sulfite - Formato A1 | E90: 8 | F90: unidades | G90: SUDECAP | H90: 94.15.04 | I90: =I228 -> 12 | J90: TRDE | K90: =I90*'COMPOSIÇÃO HORA TÉCNICA'!$C$15 -> 15.068493 | L90: =ROUND(E90*K90,2) -> 120.55
D91: Plotagem colorida sulfite - Formato A1 (estendido) | E91: 4 | F91: unidades | G91: SUDECAP | H91: 94.15.07 | I91: =I229 -> 15 | J91: TRDE | K91: =I91*'COMPOSIÇÃO HORA TÉCNICA'!$C$15 -> 18.835616 | L91: =ROUND(E91*K91,2) -> 75.34
D92: Pasta argola | E92: 1 | F92: unidades | G92: PESQUISA DE PREÇO | H92: - | I92: =I232 -> 31.4 | J92: TRDE | K92: =I92*'COMPOSIÇÃO HORA TÉCNICA'!$C$15 -> 39.429224 | L92: =ROUND(E92*K92,2) -> 39.43
C93: TRABALHO TÉCNICO SOCIAL | D93: Locação de cadeira de plástico em polipropileno, sem braços | E93: 20 | F93: unidades | G93: URBEL | H93: 71.21.71 | I93: =I222 -> 3.07 | J93: TRDE | K93: =I93*'COMPOSIÇÃO HORA TÉCNICA'!$C$15 -> 3.8550228 | L93: =ROUND(E93*K93,2) -> 77.1
D94: Lanche | E94: 20 | F94: unidades | G94: URBEL | H94: 71.06.13 | I94: =I223 -> 6.28 | J94: TRDE | K94: =I94*'COMPOSIÇÃO HORA TÉCNICA'!$C$15 -> 7.8858447 | L94: =ROUND(E94*K94,2) -> 157.72
A97: PROPOSTAS DE SOLUÇÃO DE DESCONFORMIDADES | B97: Relatório de Cenário de Intervenção Integrada | C97: PEÇAS GRÁFICAS | D97: Xerox preto/branco - Formato A4 | E97: 200 | F97: unidades | G97: SUDECAP | H97: 94.07.01 | I97: =I225 -> 0.5 | J97: TRDE | K97: =I97*'COMPOSIÇÃO HORA TÉCNICA'!$C$15 -> 0.62785388 | L97: =ROUND(E97*K97,2) -> 125.57 | M97: =SUM(L97:L104) -> 1193.42
D98: Plotagem colorida sulfite - Formato A4 | E98: 200 | F98: unidades | G98: SUDECAP | H98: 94.15.01 | I98: =I226 -> 2 | J98: TRDE | K98: =I98*'COMPOSIÇÃO HORA TÉCNICA'!$C$15 -> 2.5114155 | L98: =ROUND(E98*K98,2) -> 502.28
D99: Plotagem colorida sulfite - Formato A2 | E99: 8 | F99: unidades | G99: SUDECAP | H99: 94.15.03 | I99: =I227 -> 9.5 | J99: TRDE | K99: =I99*'COMPOSIÇÃO HORA TÉCNICA'!$C$15 -> 11.929224 | L99: =ROUND(E99*K99,2) -> 95.43
D100: Plotagem colorida sulfite - Formato A1 | E100: 8 | F100: unidades | G100: SUDECAP | H100: 94.15.04 | I100: =I228 -> 12 | J100: TRDE | K100: =I100*'COMPOSIÇÃO HORA TÉCNICA'!$C$15 -> 15.068493 | L100: =ROUND(E100*K100,2) -> 120.55
D101: Plotagem colorida sulfite - Formato A1 (estendido) | E101: 4 | F101: unidades | G101: SUDECAP | H101: 94.15.07 | I101: =I229 -> 15 | J101: TRDE | K101: =I101*'COMPOSIÇÃO HORA TÉCNICA'!$C$15 -> 18.835616 | L101: =ROUND(E101*K101,2) -> 75.34
D102: Pasta argola | E102: 1 | F102: unidades | G102: PESQUISA DE PREÇO | H102: - | I102: =I232 -> 31.4 | J102: TRDE | K102: =I102*'COMPOSIÇÃO HORA TÉCNICA'!$C$15 -> 39.429224 | L102: =ROUND(E102*K102,2) -> 39.43
C103: TRABALHO TÉCNICO SOCIAL | D103: Locação de cadeira de plástico em polipropileno, sem braços | E103: 20 | F103: unidades | G103: URBEL | H103: 71.21.71 | I103: =I222 -> 3.07 | J103: TRDE | K103: =I103*'COMPOSIÇÃO HORA TÉCNICA'!$C$15 -> 3.8550228 | L103: =ROUND(E103*K103,2) -> 77.1
D104: Lanche | E104: 20 | F104: unidades | G104: URBEL | H104: 71.06.13 | I104: =I223 -> 6.28 | J104: TRDE | K104: =I104*'COMPOSIÇÃO HORA TÉCNICA'!$C$15 -> 7.8858447 | L104: =ROUND(E104*K104,2) -> 157.72
B105: Propostas de Intervenção Físico-Urbano-Ambientais | C105: PEÇAS GRÁFICAS | D105: Xerox preto/branco - Formato A4 | E105: 300 | F105: unidades | G105: SUDECAP | H105: 94.07.01 | I105: =I225 -> 0.5 | J105: TRDE | K105: =I105*'COMPOSIÇÃO HORA TÉCNICA'!$C$15 -> 0.62785388 | L105: =ROUND(E105*K105,2) -> 188.36 | M105: =SUM(L105:L112) -> 2323.07
D106: Plotagem colorida sulfite - Formato A4 | E106: 300 | F106: unidades | G106: SUDECAP | H106: 94.15.01 | I106: =I226 -> 2 | J106: TRDE | K106: =I106*'COMPOSIÇÃO HORA TÉCNICA'!$C$15 -> 2.5114155 | L106: =ROUND(E106*K106,2) -> 753.42
D107: Plotagem colorida sulfite - Formato A2 | E107: 20 | F107: unidades | G107: SUDECAP | H107: 94.15.03 | I107: =I227 -> 9.5 | J107: TRDE | K107: =I107*'COMPOSIÇÃO HORA TÉCNICA'!$C$15 -> 11.929224 | L107: =ROUND(E107*K107,2) -> 238.58
D108: Plotagem colorida sulfite - Formato A1 | E108: 12 | F108: unidades | G108: SUDECAP | H108: 94.15.04 | I108: =I228 -> 12 | J108: TRDE | K108: =I108*'COMPOSIÇÃO HORA TÉCNICA'!$C$15 -> 15.068493 | L108: =ROUND(E108*K108,2) -> 180.82
...

Sheet Proporção quantitativos
A2: FASE | B2: PRODUTO | C2: ATIVIDADE | D2: QUANTIDADE HRS FUNCIONÁRIOS | E2: QUANTIDADE HRS ESPERANÇA | G2: ITEM | H2: QUANTIDADE DESPESAS COMPLEMENTARES FUNCIONÁRIOS | I2: QUANTIDADE DESPESAS COMPLEMENTARES ESPERANÇA
A3: ETAPA 01 - PLANO INTEGRADO DE URBANIZAÇÃO E REGULARIZAÇÃO FUNDIÁRIA | G3: Xerox preto/branco - Formato A4 | H3: 1000 | I3: 750
A4: LEVANTAMENTO SITUACIONAL E PESQUISA DOMINIAL | B4: Relatório de Levantamento Situacional | C4: Vistoria técnica multidisciplinar | D4: 15 | E4: =ROUND(D4*$D$96,0) -> 12 | G4: Plotagem colorida sulfite - Formato A4 | H4: 2000 | I4: 1500
D5: 15 | E5: =ROUND(D5*$D$96,0) -> 12 | G5: Plotagem colorida sulfite - Formato A2 | H5: 10 | I5: =ROUND(H5*$D$96,0) -> 8
C6: Sistematização das informações | D6: 40 | E6: 30 | G6: Plotagem colorida sulfite - Formato A1 | H6: 2 | I6: =ROUND(H6*$D$96,0) -> 2
D7: 40 | E7: 30 | G7: Papel couchê fosco 120 gramas 210 X 297 pacote 75 folhas | H7: 3 | I7: =ROUND(H7*$D$96,0) -> 2
C8: Trabalho Técnico Social | D8: 22 | E8: 16 | G8: Pasta argola | H8: 1 | I8: =ROUND(H8*$D$96,0) -> 1
B9: Plano de Mobilização, Organização e Capacitação Social | C9: Plano de Mobilização, Organização e Capacitação Social | D9: 60 | E9: 40 | G9: Caneta esferográfica azul 1mm cx 50 unid | H9: 1 | I9: =ROUND(H9*$D$96,0) -> 1
C10: Trabalho Técnico Social | D10: 22 | E10: 16 | G10: Banner em lona 1,0x1,2m | H10: 2 | I10: =ROUND(H10*$D$96,0) -> 2
B11: Relatório de Pesquisa Dominial e Cartorária | C11: Pesquisa Cartorária | D11: 80 | E11: 60 | G11: Locação de mesa de plástico polipropileno - 04 lugares | H11: 20 | I11: =ROUND(H11*$D$96,0) -> 16
C12: Quadro dominial | D12: 60 | E12: 30 | G12: Locação de cadeira de plástico em polipropileno, sem braços | H12: 900 | I12: 700
D13: 40 | E13: 30 | G13: HD externo 1TB USB portátil | H13: 1 | I13: =ROUND(H13*$D$96,0) -> 1
G14: Locação veículo popular motor 1.0 c/ ar e seguro | H14: 1.5 | I14: =ROUND(H14*$D$96,0) -> 1
A15: ATUALIZAÇÃO DA BASE CARTOGRÁFICA | B15: Levantamento Planialtimétrico Cadastral | C15: Levantamento Planialtimétrico Cadastral | D15: =383370+70379 -> 453749 | E15: 455671 | G15: Gasolina comum | H15: 150 | I15: =ROUND(H15*$D$96,0) -> 116
C16: Trabalho Técnico Social | D16: 42 | E16: 40 | G16: Xerox preto/branco - Formato A4 | H16: 300 | I16: =ROUND(H16*$D$96,0) -> 233
B17: Base Cartográfica Atualizada | C17: Atualização de Base | D17: 180 | E17: =ROUND(D17*$D$96,0) -> 140 | G17: Plotagem colorida sulfite - Formato A4 | H17: 450 | I17: =ROUND(H17*$D$96,0) -> 349
C18: Trabalho Técnico Social | D18: 42 | E18: 16 | G18: Plotagem colorida sulfite - Formato A2 | H18: 2 | I18: =ROUND(H18*$D$96,0) -> 2
G19: Plotagem colorida sulfite - Formato A1 | H19: 1 | I19: =ROUND(H19*$D$96,0) -> 1
A20: SELAGEM E CADASTRO SOCIOECONÔMICO E FUNDIÁRIO | B20: Relatório da fase de Selagem e Cadastro Socioeconômico e Fundiário, incluindo como anexo o arquivo digital do Banco de Dados Preliminar e os prontuários separados por selo | C20: Contagem de Domicílio e Selagem | D20: 350 | E20: 270 | G20: Papel couchê fosco 120 gramas 210 X 297 pacote 75 folhas | H20: 2 | I20: =ROUND(H20*$D$96,0) -> 2
D21: 350 | E21: 270 | G21: Pasta argola | H21: 1 | I21: =ROUND(H21*$D$96,0) -> 1
C22: Aplicação de Cadastro | D22: 480 | E22: 370 | G22: Camiseta em malha | H22: 60 | I22: =ROUND(H22*$D$96,0) -> 47
C23: Montagem de Banco de Dados | D23: 80 | E23: 60 | G23: Pasta de plástico com elástico | H23: 60 | I23: =ROUND(H23*$D$96,0) -> 47
C24: Trabalho Técnico Social | D24: 80 | E24: 40 | G24: Caneta esferográfica azul 1mm cx 50 unid | H24: 2 | I24: =ROUND(H24*$D$96,0) -> 2
G25: Banner em lona 1,0x1,2m | H25: 1 | I25: =ROUND(H25*$D$96,0) -> 1
A26: DIAGNÓSTICO | B26: Diagnóstico Setorial Jurídico | C26: Jurídico | D26: 180 | E26: 120 | G26: Locação de cadeira de plástico em polipropileno, sem braços | H26: 100 | I26: =ROUND(H26*$D$96,0) -> 78
C27: Trabalho Técnico Social | D27: 32 | E27: 16 | G27: Lanche | H27: 100 | I27: =ROUND(H27*$D$96,0) -> 78
B28: Diagnóstico Setorial dos Aspectos Físico-Urbano-Ambientais | C28: Físico-Urbano-Ambiental | D28: 180 | E28: =ROUND(D28*$D$96,0) -> 140 | G28: Xerox preto/branco - Formato A4 | H28: 700 | I28: =ROUND(H28*$D$96,0) -> 543
D29: 160 | E29: 120 | G29: Plotagem colorida sulfite - Formato A4 | H29: 1000 | I29: =ROUND(H29*$D$96,0) -> 775
C30: Trabalho Técnico Social | D30: 32 | E30: 16 | G30: Plotagem colorida sulfite - Formato A2 | H30: 8 | I30: =ROUND(H30*$D$96,0) -> 6
B31: Diagnóstico Setorial dos Aspectos Socioeconômico Organizativos | C31: Socioeconômico-Organizativo | D31: 120 | E31: 100 | G31: Plotagem colorida sulfite - Formato A1 | H31: 2 | I31: =ROUND(H31*$D$96,0) -> 2
C32: Trabalho Técnico Social | D32: 32 | E32: 16 | G32: Pasta argola | H32: 1 | I32: =ROUND(H32*$D$96,0) -> 1
B33: Diagnóstico Integrado | C33: Integrado | D33: 80 | E33: 60 | G33: Locação veículo popular motor 1.0 c/ ar e seguro | H33: 0.5 | I33: =ROUND(H33*$D$96,0) -> 0
D34: 80 | E34: 60 | G34: Gasolina comum | H34: 50 | I34: =ROUND(H34*$D$96,0) -> 39
D35: 80 | E35: 60
C36: Trabalho Técnico Social | D36: 22 | E36: 16
G37: Xerox preto/branco - Formato A4 | H37: 1000 | I37: =ROUND(H37*$D$96,0) -> 775
A38: PROPOSTAS DE SOLUÇÃO DE DESCONFORMIDADES | B38: Relatório de Cenário de Intervenção Integrada | C38: Estudo de Cenário de Intervenção Integrada | D38: 80 | E38: 60 | G38: Plotagem colorida sulfite - Formato A4 | H38: 1000 | I38: =ROUND(H38*$D$96,0) -> 775
D39: 20 | E39: 16 | G39: Plotagem colorida sulfite - Formato A2 | H39: 75 | I39: =ROUND(H39*$D$96,0) -> 58
D40: 80 | E40: 60 | G40: Plotagem colorida sulfite - Formato A1 | H40: 75 | I40: =ROUND(H40*$D$96,0) -> 58
C41: Trabalho Técnico Social | D41: 22 | E41: 16 | G41: Plotagem colorida sulfite - Formato A1 (estendido) | H41: 15 | I41: =ROUND(H41*$D$96,0) -> 12
B42: Propostas de Intervenção Físico-Urbano-Ambientais | C42: Propostas de Intervenção Físico-Urbano-Ambiental | D42: 180 | E42: =ROUND(D42*$D$96,0) -> 140 | G42: Pasta argola | H42: 3 | I42: =ROUND(H42*$D$96,0) -> 2
D43: 200 | E43: 140 | G43: Locação de cadeira de plástico em polipropileno, sem braços | H43: 50 | I43: =ROUND(H43*$D$96,0) -> 39
C44: Plano de Intervenção Integrada | D44: 120 | E44: 80 | G44: Lanche | H44: 50 | I44: =ROUND(H44*$D$96,0) -> 39
D45: 120 | E45: 80 | G45: Locação veículo popular motor 1.0 c/ ar e seguro | H45: 4 | I45: =ROUND(H45*$D$96,0) -> 3
C46: Trabalho Técnico Social | D46: 22 | E46: 16 | G46: Gasolina comum | H46: 400 | I46: =ROUND(H46*$D$96,0) -> 310
B47: Propostas de Intervenção Socioeconômico-Organizativas | C47: Propostas de Intervenção Socioeconômica-Organizativas | D47: 80 | E47: 60 | G47: Xerox preto/branco - Formato A4 | H47: 1000 | I47: =ROUND(H47*$D$96,0) -> 775
C48: Trabalho Técnico Social | D48: 42 | E48: 16 | G48: Plotagem colorida sulfite - Formato A4 | H48: 1000 | I48: =ROUND(H48*$D$96,0) -> 775
B49: Propostas de Intervenção Jurídico-Legais | C49: Propostas de Intervenção Jurídico-Legais | D49: 80 | E49: 60 | G49: Plotagem colorida sulfite - Formato A2 | H49: 75 | I49: =ROUND(H49*$D$96,0) -> 58
C50: Plano de Regularização Fundiária | D50: 20 | E50: 16 | G50: Plotagem colorida sulfite - Formato A1 | H50: 75 | I50: =ROUND(H50*$D$96,0) -> 58
D51: 80 | E51: 40 | G51: Plotagem colorida sulfite - Formato A1 (estendido) | H51: 15 | I51: =ROUND(H51*$D$96,0) -> 12
B52: Estimativas de Custos de Urbanização | C52: Estimativa de custos de Urbanização | D52: 220 | E52: 170 | G52: Pasta argola | H52: 3 | I52: =ROUND(H52*$D$96,0) -> 2
B53: Hierarquização de Ações e Obras | C53: Hierarquização de Ações e Obras | D53: 220 | E53: 170 | G53: Locação de cadeira de plástico em polipropileno, sem braços | H53: 50 | I53: =ROUND(H53*$D$96,0) -> 39
D54: 220 | E54: 170 | G54: Lanche | H54: 50 | I54: =ROUND(H54*$D$96,0) -> 39
C55: Trabalho Técnico Social | D55: 30 | E55: 16
G57: Xerox preto/branco - Formato A4 | H57: 4000 | I57: =ROUND(H57*$D$96,0) -> 3100
A58: REGULARIZAÇÃO FUNDIÁRIA URBANA REURB | B58: Relatório elucidativo dos procedimentos técnicos e administrativos referentes à Demarcação Urbanística | C58: Auto de Demarcação Urbanística | D58: 40 | E58: 30 | G58: Plotagem colorida sulfite - Formato A4 | H58: 2000 | I58: =ROUND(H58*$D$96,0) -> 1550
D59: 40 | E59: 30 | G59: Plotagem colorida sulfite - Formato A2 | H59: 25 | I59: =ROUND(H59*$D$96,0) -> 19
C60: Notificações dos titulares de domínio e confrontantes | D60: 40 | E60: 30 | G60: Plotagem colorida sulfite - Formato A1 | H60: 25 | I60: =ROUND(H60*$D$96,0) -> 19
D61: 40 | E61: 30 | G61: Plotagem colorida sulfite - Formato A1 (estendido) | H61: 15 | I61: =ROUND(H61*$D$96,0) -> 12
D62: 50 | E62: 40 | G62: Etiqueta adesiva A4, cx com 100 folhas | H62: 10 | I62: =ROUND(H62*$D$96,0) -> 8
C63: Lavratura dos autos e averbação | D63: 40 | E63: 30 | G63: Pasta argola | H63: 6 | I63: =ROUND(H63*$D$96,0) -> 5
D64: 60 | E64: 40 | G64: Locação de cadeira de plástico em polipropileno, sem braços | H64: 100 | I64: =ROUND(H64*$D$96,0) -> 78
C65: Trabalho Técnico Social | D65: 30 | E65: 20 | G65: Lanche | H65: 100 | I65: =ROUND(H65*$D$96,0) -> 78
B66: Projeto de Parcelamento preliminar | C66: Elaboração do projeto de parcelamento preliminar e memorial descritivo da área a ser regularizada | D66: 20 | E66: 20 | G66: Locação veículo popular motor 1.0 c/ ar e seguro | H66: 4 | I66: =ROUND(H66*$D$96,0) -> 3
D67: 250 | E67: 180 | G67: Gasolina comum | H67: 400 | I67: =ROUND(H67*$D$96,0) -> 310
B68: Listagem preliminar das unidades e beneficiários | C68: Elaboração da listagem preliminar das unidades e beneficiários | D68: 40 | E68: 30
B69: Relatório demonstrativo do Plantão de Conferência Documental e Parcelamento | C69: Plantão de Conferência Documental e Parcelamento | D69: 240 | E69: 180
D70: 240 | E70: 180 | G70: Xerox preto/branco - Formato A4 | H70: 1000 | I70: =ROUND(H70*$D$96,0) -> 775
B71: Projeto de Regularização Fundiária | C71: Trabalho Técnico Social | D71: 30 | E71: 20 | G71: Plotagem colorida sulfite - Formato A4 | H71: 1000 | I71: =ROUND(H71*$D$96,0) -> 775
C72: Consolidação do Projeto de Regularização Fundiária - PRF | D72: 250 | E72: 180 | G72: Plotagem colorida sulfite - Formato A2 | H72: 10 | I72: =ROUND(H72*$D$96,0) -> 8
B73: Relatório demonstrativo do Plantão Pré-Titulação | C73: Plantão Pré-Titulação | D73: 120 | E73: 90 | G73: Plotagem colorida sulfite - Formato A1 | H73: 25 | I73: =ROUND(H73*$D$96,0) -> 19
D74: 120 | E74: 90 | G74: Plotagem colorida sulfite - Formato A1 (estendido) | H74: 2 | I74: =ROUND(H74*$D$96,0) -> 2
B75: Banco de Dados Consolidado | C75: Consolidação do Banco de Dados | D75: 60 | E75: 40 | G75: Pasta argola | H75: 1 | I75: =ROUND(H75*$D$96,0) -> 1
G76: Xerox preto/branco - Formato A4 | H76: 1000 | I76: =ROUND(H76*$D$96,0) -> 775
A77: TITULAÇÃO FUNCIONÁRIOS | B77: Registro da CRF no Cartório de Registro de Imóveis | C77: Elaboração da CRF e protocolo no cartório de registro de imóveis | D77: 90 | E77: 60 | G77: Plotagem colorida sulfite - Formato A4 | H77: 1000 | I77: =ROUND(H77*$D$96,0) -> 775
C78: Trabalho Técnico Social | D78: 30 | E78: 20 | G78: Plotagem colorida sulfite - Formato A2 | H78: 30 | I78: =ROUND(H78*$D$96,0) -> 23
B79: Certidões de registro dos títulos individualizados | C79: Resolução das pendências cartorárias | D79: 80 | E79: 60 | G79: Plotagem colorida sulfite - Formato A1 | H79: 50 | I79: =ROUND(H79*$D$96,0) -> 39
D80: 80 | E80: 60 | G80: Plotagem colorida sulfite - Formato A1 (estendido) | H80: 5 | I80: =ROUND(H80*$D$96,0) -> 4
C81: Trabalho Técnico Social | D81: 30 | E81: 20 | G81: Pasta argola | H81: 1 | I81: =ROUND(H81*$D$96,0) -> 1
B82: Documentos finais sistematizados | C82: Atualização do Banco de Dados | D82: 20 | E82: 16 | G82: Locação veículo popular motor 1.0 c/ ar e seguro | H82: 0.5 | I82: =ROUND(H82*$D$96,0) -> 0
C83: Consolidação dos dossiês individuais por domicílio | D83: 40 | E83: 30 | G83: Gasolina comum | H83: 50 | I83: =ROUND(H83*$D$96,0) -> 39
B84: Relatório síntese do resultado das assembleias de entrega de títulos | C84: Assembleia de Encerramento e Titulação | D84: 20 | E84: 16 | G84: Xerox preto/branco - Formato A4 | H84: 1000 | I84: =ROUND(H84*$D$96,0) -> 775
D85: 20 | E85: 16 | G85: Plotagem colorida sulfite - Formato A4 | H85: 1000 | I85: =ROUND(H85*$D$96,0) -> 775
D86: 180 | E86: 120 | G86: Plotagem colorida sulfite - Formato A2 | H86: 10 | I86: =ROUND(H86*$D$96,0) -> 8
G87: Plotagem colorida sulfite - Formato A1 | H87: 25 | I87: =ROUND(H87*$D$96,0) -> 19
A88: GERAL – COMUM ÀS ETAPAS 01 E 02 | G88: Plotagem colorida sulfite - Formato A1 (estendido) | H88: 3 | I88: =ROUND(H88*$D$96,0) -> 2
A89: COORDENAÇÃO GERAL | B89: Distribuído ao longo dos produtos | C89: Coordenação geral | D89: 1000 | E89: 750 | G89: Pasta argola | H89: 1 | I89: =ROUND(H89*$D$96,0) -> 1
A90: POSTO DE APOIO NO LOCAL | B90: Medição bimestral separada dos produtos | C90: Atendimento por Técnico Social | D90: 3000 | E90: 0 | G90: Locação de cadeira de plástico em polipropileno, sem braços | H90: 50 | I90: =ROUND(H90*$D$96,0) -> 39
B91: Medição bimestral separada dos produtos | C91: Locação de imóvel (incluídos impostos e taxas) | D91: 24 | E91: 0 | G91: Lanche | H91: 50 | I91: =ROUND(H91*$D$96,0) -> 39
G92: Xerox preto/branco - Formato A4 | H92: 1000 | I92: =ROUND(H92*$D$96,0) -> 775
G93: Plotagem colorida sulfite - Formato A4 | H93: 1000 | I93: =ROUND(H93*$D$96,0) -> 775
G94: Plotagem colorida sulfite - Formato A2 | H94: 50 | I94: =ROUND(H94*$D$96,0) -> 39
B95: DOMICÍLIOS FUNCIONÁRIOS | C95: DOMICÍLIOS ESPERANÇA | D95: proporção | G95: Plotagem colorida sulfite - Formato A1 | H95: 60 | I95: =ROUND(H95*$D$96,0) -> 47
B96: 2898 | C96: 2246 | D96: =C96/B96 -> 0.77501725 | G96: Plotagem colorida sulfite - Formato A1 (estendido) | H96: 10 | I96: =ROUND(H96*$D$96,0) -> 8
G97: Pasta argola | H97: 1 | I97: =ROUND(H97*$D$96,0) -> 1
G98: Locação de cadeira de plástico em polipropileno, sem braços | H98: 50 | I98: =ROUND(H98*$D$96,0) -> 39
G99: Lanche | H99: 50 | I99: =ROUND(H99*$D$96,0) -> 39
G102: Xerox preto/branco - Formato A4 | H102: 850 | I102: =ROUND(H102*$D$96,0) -> 659
G103: Plotagem colorida sulfite - Formato A4 | H103: 500 | I103: =ROUND(H103*$D$96,0) -> 388
G104: Plotagem colorida sulfite - Formato A2 | H104: 10 | I104: =ROUND(H104*$D$96,0) -> 8
...
